Workbook
Name _EST1: #REF!
Name _EST10: #REF!
Name _EST10: #REF!
Name _EST10: #REF!
Name _EST10: #REF!
Name _EST11: #REF!
Name _EST11: #REF!
Name _EST11: #REF!
Name _EST11: #REF!
Name _EST12: #REF!
Name _EST12: #REF!
Name _EST12: #REF!
Name _EST12: #REF!
Name _EST13: #REF!
Name _EST13: #REF!
Name _EST13: #REF!
Name _EST13: #REF!
Name _EST14: #REF!
Name _EST14: #REF!
Name _EST14: #REF!
Name _EST14: #REF!
Name _EST15: #REF!
Name _EST15: #REF!
Name _EST15: #REF!
Name _EST15: #REF!
Name _EST16: #REF!
Name _EST16: #REF!
Name _EST16: #REF!
Name _EST16: #REF!
Name _EST17: #REF!
Name _EST17: #REF!
Name _EST17: #REF!
Name _EST17: #REF!
Name _EST18: #REF!
Name _EST18: #REF!
Name _EST18: #REF!
Name _EST18: #REF!
Name _EST19: #REF!
Name _EST19: #REF!
Name _EST19: #REF!
Name _EST19: #REF!
Name _EST2: #REF!
Name _EST2: #REF!
Name _EST2: #REF!
Name _EST2: #REF!
Name _EST3: #REF!
Name _EST4: #REF!
Name _EST4: #REF!
Name _EST4: #REF!
Name _EST4: #REF!
Name _EST5: #REF!
Name _EST5: #REF!
Name _EST5: #REF!
Name _EST5: #REF!
Name _EST6: #REF!
Name _EST6: #REF!
Name _EST6: #REF!
Name _EST6: #REF!
Name _EST7: #REF!
Name _EST7: #REF!

Sheet LISTADO DE UNITARIOS
B2: MUNICIPIO DE VALLEDUPAR
A3: OBJETO: ADECUACIÓNES Y MEJORAMIENTO LOCATIVO DE LOS CENTROS DE BIENESTAR DEL ADULTO MAYOR DE LA NEVADA Y LOS MAYALES, EN VALLEDUPAR,CESAR
A4: PRESUPUESTO OFICIAL - LA NEVADA
A5: ITEMS | B5: ACTIVIDADES | C5: U.M | D5: CANTIDAD | E5: VALOR. UNITARIO | F5: VALOR TOTAL | G5: % DE INCIDENCIA
A9: =EDIFICACION!A6 -> I | B9: INSTALACIONES HIDRAULICAS
A10: 1.1 | B10: Suministro e instalacion de tanque plastico para reserva de agua de 2.000 LT-INCL. Accesorios necesarios para su instalacion y funcionamiento. | C10: UN | D10: 1 | E10: =EDIFICACION!F7 -> 1253258 | F10: =E10*D10 -> 1253258 | G10: =F10/F158 -> 0.0059982283
E14: Subtotal | F14: =SUM(F10:F13) -> 1253258 | G14: =F14/F158 -> 0.0059982283
A16: II | B16: ACABADOS
A17: 2.1 | B17: Vinilo 1 mano, pintura tipo 1 color blanco. | C17: M2 | D17: 2221 | E17: =EDIFICACION!F17 -> 15730 | F17: =E17*D17 -> 34936330 | G17: =F17/F158 -> 0.16720905
A20: 2.2 | B20: Vinilo 1 mano, pintura tipo 1 color gris basalto. | C20: M2 | D20: 110 | E20: =EDIFICACION!F17 -> 15730 | F20: =E20*D20 -> 1730300 | G20: =F20/F158 -> 0.0082814028
E23: Subtotal | F23: =F17+F20 -> 36666630 | G23: =F23/F158 -> 0.17549045
A25: III | B25: TANQUE SUBTERRANEO DE RESERVA DE AGUA
A26: 3.1 | B26: Excavación manual | C26: M3 | D26: 4 | E26: =EDIFICACION!F26 -> 34993.825 | F26: =E26*D26 -> 139975.3 | G26: =F26/F158 -> 0.00066993692
A29: 3.2 | B29: Solado en concreto de 2.500 psi, Exp. 0.05 | C29: M3 | D29: 0.2 | E29: =EDIFICACION!F30 -> 577307 | F29: =E29*D29 -> 115461.4 | G29: =F29/F158 -> 0.00055261074
A32: 3.3 | B32: Viga cimiento cuadrada de .25X.25 en concreto F=C 3.000 psi, no incluye acero de refuerzo. | C32: M3 | D32: 0.44 | E32: =EDIFICACION!F37 -> 1147880 | F32: =D32*E32 -> 505067.2 | G32: =F32/F158 -> 0.0024173062
A35: 3.4 | B35: Placa superior maciza en concreto de 3000 psi reforzado H/.12 (Base tanque aereo) | C35: M2 | D35: 6.25 | E35: =EDIFICACION!F49 -> 107724 | F35: =D35*E35 -> 673275 | G35: =F35/F158 -> 0.0032223669
A38: 3.5 | B38: Columna cuadrada de .25X.25 en concreto F=C 3.000 psi, no incluye acero de refuerzo. | C38: M3 | D38: 1.037 | E38: =EDIFICACION!F57 -> 1147880 | F38: =D38*E38 -> 1190351.6 | G38: =F38/F158 -> 0.0056971512
A41: 3.6 | B41: Viga aerea cuadrada de .25X.25 en concreto F=C 3.000 psi, no incluye acero de refuerzo. | C41: M3 | D41: 0.44 | E41: =EDIFICACION!F69 -> 1147880 | F41: =D41*E41 -> 505067.2 | G41: =F41/F158 -> 0.0024173062
A44: 3.7 | B44: Acero de Refuerzo PDR de 60.000 psi, incluye corte, figuración e instalación. | C44: KG | D44: 365 | E44: =EDIFICACION!F81 -> 7007 | F44: =D44*E44 -> 2557555 | G44: =F44/F158 -> 0.012240735
E47: Subtotal | F47: =SUM(F26:F46) -> 5686752.7 | G47: =F47/F158 -> 0.027217413
A49: IV | B49: CARPINTERIA MÉTALICA
A50: 4.1 | B50: Suministro e instalación de puerta en lamina con marco cal. 18, inc. Anticorrosivo y acabado en esmalte, incluye cerradura. | C50: UN | D50: 1 | E50: =EDIFICACION!F90 -> 485651.37 | F50: =E50*D50 -> 485651.37 | G50: =F50/F158 -> 0.00232438
E53: Subtotal | F53: =SUM(F50:F52) -> 485651.37 | G53: =F53/F158 -> 0.00232438
A55: V | B55: OBRAS DE URBANISMO - ZONA DE TROTE - JUEGOS BIOSALUDABLES - JUEGOS DE MESA
A56: 5.1 | B56: Relleno con material seleccionado compactado a rana (Incluye suministro, transporte, Extension, Compactación y demas actividades para su correcta ejecución). | C56: M3 | D56: 45 | E56: =EDIFICACION!F101 -> 103881 | F56: =E56*D56 -> 4674645 | G56: =F56/F158 -> 0.022373356
A59: 5.2 | B59: Concreto f'c=3.000 PSI (21 MPa), espesor E=0.08 m para Área de Trote, Zona de Juegos Biosaludables y Área de mesa de juegos. (Incluye suministro, transporte, formaleta, vibrado, refuerzo y demás actividades para su correcta colocación en obra) | C59: M2 | D59: 295 | E59: =EDIFICACION!F111 -> 68103.389 | F59: =E59*D59 -> 20090500 | G59: =F59/F158 -> 0.096155303
A62: 5.3 | B62: Concreto f'c=3.000 PSI (21 MPa), espesor E=0.08 m para Área aledaña ala zona de comedor. (Incluye suministro, transporte, formaleta, vibrado, refuerzo y demás actividades para su correcta colocación en obra) | C62: M2 | D62: 30.6 | E62: =EDIFICACION!F111 -> 68103.389 | F62: =E62*D62 -> 2083963.7 | G62: =F62/F158 -> 0.0099740755
A65: 5.4 | B65: Suministro e Instalacion de juegos Biosaludables | C65: UN | D65: 6 | E65: =EDIFICACION!F120 -> 2811691.3 | F65: =E65*D65 -> 16870148 | G65: =F65/F158 -> 0.080742352
A68: 5.5 | B68: Suministro e Instalación de mesa de juegos en concreto incluye las 4 bancas en concretos. | C68: UN | D68: 4 | E68: =EDIFICACION!F128 -> 2804882 | F68: =E68*D68 -> 11219528 | G68: =F68/F158 -> 0.053697874
E71: Subtotal | F71: =SUM(F56:F70) -> 54938784 | G71: =F71/F158 -> 0.26294296
B73: COSTO DIRECTO LA NEVADA | F73: =F14+F23+F47+F53+F71 -> 99031076 | G73: =F73/F158 -> 0.47397344
A75: PRESUPUESTO OFICIAL - LOS MAYALES
A76: ITEMS | B76: ACTIVIDADES | C76: U.M | D76: CANTIDAD | E76: VALOR. UNITARIO | F76: VALOR TOTAL | G76: % DE INCIDENCIA
A80: VI | B80: PRELIMINARES
A81: 6.1 | B81: DESMONTE CIELO RASO EN MAL ESTADO | C81: M2 | D81: 122 | E81: =EDIFICACION!F133 -> 15248 | F81: =E81*D81 -> 1860256 | G81: =F81/F158 -> 0.0089033863
E84: Subtotal | F84: =SUM(F81:F83) -> 1860256 | G84: =F84/F158 -> 0.0089033863
A86: VII | B86: CUBIERTA Y CIELO RASO
A87: 7.1 | B87: CIELO RASO EN LAMINA DE PVC DE 0,25X3 MTS, COLOR BLANCO | C87: M2 | D87: 122 | E87: =EDIFICACION!F138 -> 77466.502 | F87: =E87*D87 -> 9450913.2 | G87: =F87/F158 -> 0.045233092
A90: 7.2 | B90: FACHADA CULATA DEL COMEDOR EN SUPERBOARD COLOR BLANCO | C90: ML | D90: 26 | E90: =EDIFICACION!F152 -> 87954.45 | F90: =E90*D90 -> 2286815.7 | G90: =F90/F158 -> 0.010944947
E93: Subtotal | F93: =F87+F90 -> 11737729 | G93: =F93/F158 -> 0.056178039
A95: VIII | B95: INSTALACIONES HIDRAULICAS
A96: 8.1 | B96: SUMINISTRO E INSTALACION TANQUE PLASTICO PARA RESERVA DE AGUA 2.000LT-INCL. ACCESORIOS NECESARIOS PARA SU INSTALACION Y FUNCIONAMIENTO | C96: UN | D96: 1 | E96: =EDIFICACION!F7 -> 1253258 | F96: =E96*D96 -> 1253258 | G96: =F96/F158 -> 0.0059982283
E99: Subtotal | F99: =SUM(F96) -> 1253258 | G99: =F99/F158 -> 0.0059982283
A101: IX | B101: PLACA EN CONCRETO
A102: 9.1 | B102: PLACA EN CONCRETO 3.000 PSI-EXP. 0.10 Mts, INCLUYE MALLA ELECTROSOLDADA E-050 | C102: M2 | D102: 33.6 | E102: =EDIFICACION!F49 -> 107724 | F102: =E102*D102 -> 3619526.4 | G102: =F102/F158 -> 0.017323445
E105: Subtotal | F105: =F102 -> 3619526.4 | G105: =F105/F158 -> 0.017323445
A107: X | B107: ACABADOS
A108: 10.1 | B108: VINILO 1 MANO, PINTURA TIPO 1 COLOR BLANCO | C108: M2 | D108: 1683 | E108: =EDIFICACION!F17 -> 15730 | F108: =E108*D108 -> 26473590 | G108: =F108/F158 -> 0.12670546
A111: 10.2 | B111: ENCHAPE PARA LOS MURO DE COCINA DE 0.20X0.20MTS, ALTURA CIELO RASO. INCLUYE PEGACOR Y REFRAGUE CON CONCOLOR BLANCO. | C111: M2 | D111: 40 | E111: =EDIFICACION!F172 -> 65607.496 | F111: =E111*D111 -> 2624299.8 | G111: =F111/F158 -> 0.012560183
E114: Subtotal | F114: =F108+F111 -> 29097890 | G114: =F114/F158 -> 0.13926565
A116: XI | B116: ZONA DE URBANISMO Y JUEGOS BIOSALUDABLES
A117: 11.1 | B117: Suministro e Instalacion de juegos Biosaludables | C117: UN | D117: 3 | E117: =EDIFICACION!F120 -> 2811691.3 | F117: =E117*D117 -> 8435074 | G117: =F117/F158 -> 0.040371176
E120: Subtotal | F120: =F117 -> 8435074 | G120: =F120/F158 -> 0.040371176
A122: XII | B122: TANQUE SUBTERRANEO DE RESERVA DE AGUA
A123: 12.1 | B123: EXCAVACION MANUAL | C123: M3 | D123: 4 | E123: =EDIFICACION!F26 -> 34993.825 | F123: =E123*D123 -> 139975.3 | G123: =F123/F158 -> 0.00066993692
A126: 12.2 | B126: SOLADO CONCRETO 2.500 PSI, EXP. 0.05 | C126: M3 | D126: 0.2 | E126: =EDIFICACION!F30 -> 577307 | F126: =E126*D126 -> 115461.4 | G126: =F126/F158 -> 0.00055261074
A129: 12.3 | B129: VIGA CIMIENTO CUADRADA DE .25X.25 EN CONCRETO F=C 3.000PSI, NO INCLUYE ACERO DE REFUERZO | C129: M3 | D129: 0.44 | E129: =EDIFICACION!F37 -> 1147880 | F129: =E129*D129 -> 505067.2 | G129: =F129/F158 -> 0.0024173062
A132: 12.4 | B132: PLACA SUPERIOR MACIZA EN CONCRETO DE 3000 PSI REFORZADO H/.12 (BASE DEL TANQUE AEREO) | C132: M2 | D132: 6.25 | E132: =EDIFICACION!F49 -> 107724 | F132: =E132*D132 -> 673275 | G132: =F132/F158 -> 0.0032223669
A135: 12.5 | B135: COLUMNA CUADRADA DE .25X.25 EN CONCRETO F=C 3.000PSI, NO INCLUYE ACERO DE REFUERZO | C135: M3 | D135: 1.037 | E135: =EDIFICACION!F57 -> 1147880 | F135: =E135*D135 -> 1190351.6 | G135: =F135/F158 -> 0.0056971512
A138: 12.6 | B138: VIGA AEREA CUADRADA DE .25X.25 EN CONCRETO F=C 3.000PSI, NO INCLUYE ACERO DE REFUERZO | C138: M3 | D138: 0.44 | E138: =EDIFICACION!F69 -> 1147880 | F138: =E138*D138 -> 505067.2 | G138: =F138/F158 -> 0.0024173062
A141: 12.7 | B141: ACERO DE DE REFUERZO PDR DE 60.000 PSI, INCLUYE CORTE Y FIGURADO E INSTALACION | C141: KG | D141: 365 | E141: =EDIFICACION!F81 -> 7007 | F141: =E141*D141 -> 2557555 | G141: =F141/F158 -> 0.012240735
E144: Subtotal | F144: =SUM(F123:F143) -> 5686752.7 | G144: =F144/F158 -> 0.027217413
B146: COSTO DIRECTO LOS MAYALES | F146: =F84+F93+F99+F105+F114+F120+F144 -> 61690486 | G146: =F146/F158 -> 0.29525733
B148: COSTO DIRECTO LA NEVADA Y LOS MAYALES | F148: =F73+F146 -> 1.6072156e+08 | G148: =F148/F158 -> 0.76923077
B150: ADMINISTRACION | C150: 0.24 | F150: =F148*0.24 -> 38573175 | G150: =F150/F158 -> 0.18461538
B151: IMPREVISTO | C151: 0.01 | F151: =F148*0.01 -> 1607215.6 | G151: =F151/F158 -> 0.0076923077
B152: UTILIDAD | C152: 0.05 | F152: =F148*0.05 -> 8036078.1 | G152: =F152/F158 -> 0.038461538
B154: TOTAL COSTOS INDIRECTOS | F154: =F150+F151+F152 -> 48216469 | G154: =F154/F158 -> 0.23076923
B156: TOTAL COSTO NETO | F156: =F148+F154 -> 2.0893803e+08 | G156: =F156/F158 -> 1
B158: VALOR TOTAL DEL PROYECTO | F158: =F156 -> 2.0893803e+08 | G158: =F158/F158 -> 1
B160: DOSCIENTOS OCHO MILLONES NOVECIENTOS TREINTA Y OCHO MIL TREINTA PESOS M/CTE
A165: MARIA RAIZA FUENTES LACOUTURE | E165: Elaboró: WILLIAM A. RINCÓN
A166: Secretario de Obras Públicas Municipal | E166: Arquitecto S.O.P.M
A169: FECHA: SEPTIEMBRE 2021

Sheet EDIFICACION
A1: SECRETARÍA DE OBRAS PÚBLICAS MUNICIPAL
A2: ANALISIS DE PRRECIOS UNITARIOS
B3: ADECUACIÓN Y REMODELACIÓN CASA DE LOS ABUELOS EN EL BARRIO LA NEVADA MUNICIPIO DE VALLEDUPAR
A4: FECHA: SEPTIEMBRE DE 2021
A5: ITEMS | B5: DESCRIPCION | C5: U.M | D5: CANTIDAD | E5: VR. UNITARIO | F5: VR. PARCIAL
A6: I | B6: ACTIVIDADES PRELIMINARES
A7: 1.1 | B7: Suministro e instalacion de tanque plastico para reserva de agua de 2.000 LT-INCL. Accesorios necesarios para su instalacion y funcionamiento. | C7: UN | F7: =ROUND(SUM(F8:F15),0) -> 1253258
B8: TANQUE PLASTICO 2000LT ETERNIT | C8: UN | D8: 1 | E8: 1039400 | F8: =+E8*D8 -> 1039400
B9: LLAVE DE PASO Ø 3/4" PVC | C9: UN | D9: 2 | E9: 10900 | F9: =+E9*D9 -> 21800
B10: ADAPTADOR MACHO 3/4 | C10: UN | D10: 4 | E10: 1398 | F10: =+E10*D10 -> 5592
B11: TUBO PRESIÓN PVC 3/4 | C11: ML | D11: 1 | E11: 5985.33 | F11: =+D11*E11 -> 5985.33
B12: DESPERDICIO | C12: % | D12: 0.04 | E12: =SUM(F11) -> 5985.33 | F12: =+D12*E12 -> 239.4132
B13: TRANSPORTE | C13: % | D13: 0.03 | E13: =SUM(F8:F12) -> 1073016.7 | F13: =+D13*E13 -> 32190.502
B14: HERRAMIENTAS MENORES | C14: %MO | D14: 0.03 | E14: =+F15 -> 143738.64 | F14: =(D14*E14) -> 4312.1592
B15: MANO DE OBRA BB | C15: hc | D15: 5 | E15: ='VALOR CUADRILLAS MO'!D89 -> 28747.728 | F15: =+E15*D15 -> 143738.64
A17: 2.1 | B17: Vinilo 1 mano, pintura tipo 1 | C17: M2 | F17: =ROUND(SUM(F18:F24),0) -> 15730
B18: VINILO TIPO 1 | C18: gl | D18: 0.08 | E18: 59900 | F18: =+D18*E18 -> 4792
B19: LIJA DE AGUA 965 SUPER | C19: UN | D19: 0.12 | E19: 1430 | F19: 156
B20: DESPERDICIO | C20: % | D20: 0.05 | E20: 4948 | F20: =+D20*E20 -> 247.4
B21: TRANSPORTE | C21: % | D21: 0.03 | E21: 5195.4 | F21: =+D21*E21 -> 155.862
B22: ANDAMIO TUBULAR | C22: d | D22: 0.5 | E22: 1400 | F22: =+D22*E22 -> 700
B23: HERRAMIENTAS MENORES | C23: %MO | D23: 0.03 | E23: 9016.3328 | F23: =(D23*E23) -> 270.48998
B24: MANO DE OBRA CC | C24: hc | D24: 0.3 | E24: ='VALOR CUADRILLAS MO'!D101 -> 31361.158 | F24: =+D24*E24 -> 9408.3473
A26: 3.1 | B26: Excavación manual | C26: M3 | F26: =F27+F28 -> 34993.825
B27: HERRAMIENTAS MENORES | C27: %MO | D27: 0.03 | E27: 33974.587 | F27: =D27*E27 -> 1019.2376
B28: MANO DE OBRA AA | C28: hc | D28: 1.3 | E28: ='VALOR CUADRILLAS MO'!D75 -> 26134.298 | F28: =D28*E28 -> 33974.587
A30: 3.2 | B30: Solado en concreto de 2.500 psi, Exp. 0.05 | C30: M3 | F30: =ROUND(SUM(F31:F35),0) -> 577307
B31: CONCRETO 2500 PSI ELABORADO EN OBRA | C31: M3 | D31: 1 | E31: 367869 | F31: =E31*D31 -> 367869
B32: DESPERDICIO | C32: % | D32: 0.05 | E32: 367869 | F32: =E32*D32 -> 18393.45
B33: TRANSPORTE | C33: % | D33: 0.03 | E33: 367328.85 | F33: =E33*D33 -> 11019.865
B34: HERRAMIENTAS MENORES | C34: %MO | D34: 0.03 | E34: 120217.77 | F34: =E34*D34 -> 3606.5331
B35: MANO DE OBRA AA | C35: hc | D35: 6.7504287 | E35: 26134.298 | F35: =E35*D35 -> 176417.72
A37: 3.3 | B37: Viga cimiento cuadrada de .25X.25 en concreto F=C 3.000 psi, no incluye acero de refuerzo. | C37: M3 | F37: =ROUND(SUM(F38:F47),0) -> 1147880
B38: PUNTILLA CON CABEZA 2 | C38: lb | D38: 4 | E38: 3398.45 | F38: =+D38*E38 -> 13593.8
B39: CONCRETO 1:2:3 ELABORADO EN OBRA | C39: M3 | D39: 1 | E39: 391888 | F39: =+D39*E39 -> 391888
B40: DESPERDICIO | C40: % | D40: 0.05 | E40: =SUM(F38:F39) -> 405481.8 | F40: =+D40*E40 -> 20274.09
B41: TRANSPORTE | C41: % | D41: 0.03 | E41: 142124 | F41: =+D41*E41 -> 4263.72
B42: VIBRADOR CON OPERADOR | C42: d | D42: 0.25 | E42: 106480.48 | F42: =+D42*E42 -> 26620.12
B43: ANDAMIO TUBULAR | C43: d | D43: 5 | E43: 1400 | F43: =+D43*E43 -> 7000
B44: TABLONES | C44: d | D44: =+D43 -> 5 | E44: =+'[2]14. BASICOS'!$D$36 -> 750 | F44: =+D44*E44 -> 3750
B45: FORMALETA PARA VIGAS SOBRE MURO | C45: M3 | D45: 1 | E45: 142124 | F45: =+D45*E45 -> 142124
B46: HERRAMIENTAS MENORES | C46: %MO | D46: 0.03 | E46: 522685.96 | F46: =(D46*E46) -> 15680.579
B47: MANO DE OBRA AA | C47: hc | D47: =20 -> 20 | E47: ='VALOR CUADRILLAS MO'!D75 -> 26134.298 | F47: =+D47*E47 -> 522685.96
A49: 3.4 | B49: Placa superior maciza en concreto de 3000 psi reforzado H/.12 (Base tanque aereo) | C49: M2 | F49: =ROUND(SUM(F50:F55),0) -> 107724
B50: CONCRETO 3000 PSI ELABORADO EN OBRA | C50: M3 | D50: 0.1 | E50: 391888 | F50: =+D50*E50 -> 39188.8
B51: DESPERDICIO | C51: % | D51: 0.05 | E51: 52013 | F51: =+D51*E51 -> 2600.65
B52: TRANSPORTE | C52: % | D52: 0.03 | E52: =SUM(F50:F51) -> 41789.45 | F52: =+D52*E52 -> 1253.6835
B53: FORMALETA PARA PLACAS AEREAS | C53: M2 | D53: 1 | E53: 29928 | F53: =+D53*E53 -> 29928
B54: HERRAMIENTAS MENORES | C54: %MO | D54: 0.03 | E54: 69508 | F54: =(D54*E54) -> 2085.24
B55: MANO DE OBRA AA | C55: hc | D55: 1.25 | E55: ='VALOR CUADRILLAS MO'!D75 -> 26134.298 | F55: =+D55*E55 -> 32667.872
A57: 3.3 | B57: Columna cuadrada de .25X.25 en concreto F=C 3.000 psi, no incluye acero de refuerzo. | C57: M3 | F57: =ROUND(SUM(F58:F67),0) -> 1147880
B58: PUNTILLA CON CABEZA 2 | C58: lb | D58: 4 | E58: 3398.45 | F58: =+D58*E58 -> 13593.8
B59: CONCRETO 1:2:3 ELABORADO EN OBRA | C59: M3 | D59: 1 | E59: 391888 | F59: =+D59*E59 -> 391888
B60: DESPERDICIO | C60: % | D60: 0.05 | E60: =SUM(F58:F59) -> 405481.8 | F60: =+D60*E60 -> 20274.09
B61: TRANSPORTE | C61: % | D61: 0.03 | E61: 142124 | F61: =+D61*E61 -> 4263.72
B62: VIBRADOR CON OPERADOR | C62: d | D62: 0.25 | E62: 106480.48 | F62: =+D62*E62 -> 26620.12
B63: ANDAMIO TUBULAR | C63: d | D63: 5 | E63: 1400 | F63: =+D63*E63 -> 7000
B64: TABLONES | C64: d | D64: =+D63 -> 5 | E64: =+'[2]14. BASICOS'!$D$36 -> 750 | F64: =+D64*E64 -> 3750
B65: FORMALETA PARA COLUMNAS SOBRE MURO | C65: M3 | D65: 1 | E65: 142124 | F65: =+D65*E65 -> 142124
B66: HERRAMIENTAS MENORES | C66: %MO | D66: 0.03 | E66: 522685.96 | F66: =(D66*E66) -> 15680.579
B67: MANO DE OBRA AA | C67: hc | D67: =20 -> 20 | E67: ='VALOR CUADRILLAS MO'!D75 -> 26134.298 | F67: =+D67*E67 -> 522685.96
A69: 3.3 | B69: Viga aerea cuadrada de .25X.25 en concreto F=C 3.000 psi, no incluye acero de refuerzo. | C69: M3 | F69: =ROUND(SUM(F70:F79),0) -> 1147880
B70: PUNTILLA CON CABEZA 2 | C70: lb | D70: 4 | E70: 3398.45 | F70: =+D70*E70 -> 13593.8
B71: CONCRETO 1:2:3 ELABORADO EN OBRA | C71: M3 | D71: 1 | E71: 391888 | F71: =+D71*E71 -> 391888
B72: DESPERDICIO | C72: % | D72: 0.05 | E72: =SUM(F70:F71) -> 405481.8 | F72: =+D72*E72 -> 20274.09
B73: TRANSPORTE | C73: % | D73: 0.03 | E73: 142124 | F73: =+D73*E73 -> 4263.72
B74: VIBRADOR CON OPERADOR | C74: d | D74: 0.25 | E74: 106480.48 | F74: =+D74*E74 -> 26620.12
B75: ANDAMIO TUBULAR | C75: d | D75: 5 | E75: 1400 | F75: =+D75*E75 -> 7000
B76: TABLONES | C76: d | D76: =+D75 -> 5 | E76: =+'[2]14. BASICOS'!$D$36 -> 750 | F76: =+D76*E76 -> 3750
B77: FORMALETA PARA VIGAS SOBRE MURO | C77: M3 | D77: 1 | E77: 142124 | F77: =+D77*E77 -> 142124
B78: HERRAMIENTAS MENORES | C78: %MO | D78: 0.03 | E78: 522685.96 | F78: =(D78*E78) -> 15680.579
B79: MANO DE OBRA AA | C79: hc | D79: =20 -> 20 | E79: ='VALOR CUADRILLAS MO'!D75 -> 26134.298 | F79: =+D79*E79 -> 522685.96
A81: 3.7 | B81: Acero de Refuerzo PDR de 60.000 psi, incluye corte, figuración e instalación. | C81: KG | F81: =ROUND(SUM(F82:F88),0) -> 7007
B82: ALAMBRE NEGRO | C82: kg | D82: 0.05 | E82: 5474 | F82: =+D82*E82 -> 273.7
B83: ACERO DE REFUERZO PDR-60 | C83: kg | D83: 1 | E83: 4550 | F83: =+D83*E83 -> 4550
B84: DESPERDICIO | C84: % | D84: 0.05 | E84: =F82+F83 -> 4823.7 | F84: =+D84*E84 -> 241.185
B85: MARCO SEGUETA NICHOLSON | C85: UN | D85: 0.015 | E85: 26622.68 | F85: =+D85*E85 -> 399.3402
B86: TRANSPORTE | C86: % | D86: 0.03 | E86: 4819.5119 | F86: =+D86*E86 -> 144.58536
B87: HERRAMIENTAS MENORES | C87: %MO | D87: 0.03 | E87: 1045.3719 | F87: =(D87*E87) -> 31.361158
B88: MANO DE OBRA AA | C88: hc | D88: 0.0522859 | E88: ='VALOR CUADRILLAS MO'!D75 -> 26134.298 | F88: =+D88*E88 -> 1366.4553
A90: 4.1 | B90: Suministro e instalación de puerta en lamina con marco cal. 18, inc. Anticorrosivo y acabado en esmalte, incluye cerradura. | C90: UN | F90: =F91+F92+F93+F94+F95+F96+F97+F98+F99 -> 485651.37
B91: HOJA EN LAMINA CAL.18, INCLUYE ANTICORROSIVO-SUB-CONTRATO | C91: M2 | D91: 2 | E91: 76954.4 | F91: =D91*E91 -> 153908.8
B92: MARCOS PUERTAS LAMINA CAL. 18, INCL. ANTICORROSIVO -SUB-CONTRATO. | C92: ml | D92: 7 | E92: 15704.978 | F92: =D92*E92 -> 109934.85
B93: CERRADURA YALE DE SOBREPONER | C93: UN | D93: 1 | E93: 99472.1 | F93: =D93*E93 -> 99472.1
B94: PINTURA ACABADO EN ESMALTE -SUB-CONTRATO | C94: M2 | D94: 3.6 | E94: 9280 | F94: =D94*E94 -> 33408
B95: VIDRIO TRANSPARENTE 4 MM | C95: m2 | D95: 0.40425 | E95: 43197 | F95: =D95*E95 -> 17462.387
B96: CONCRETO 3000 PSI CLASE D | C96: M3 | D96: 0.006 | E96: 373121 | F96: =D96*E96 -> 2238.726
B97: DESPERDICIO | C97: % | D97: 0.05 | E97: 416424.86 | F97: =D97*E97 -> 20821.243
B98: HERRAMIENTAS MENORES | C98: %MO | D98: 0.03 | E98: 45450.958 | F98: =D98*E98 -> 1363.5287
B99: MANO DE OBRA D.D | C99: h-h | D99: 1.5 | E99: ='VALOR CUADRILLAS MO'!D113 -> 31361.158 | F99: =D99*E99 -> 47041.736
A101: 5.1 | B101: Relleno con material seleccionado compactado a rana (Incluye suministro, transporte, Extension, Compactación y demas actividades para su correcta ejecución). | C101: M3 | F101: =ROUND(SUM(F102:F109),0) -> 103881
B102: RELLENO COMUN | C102: M3 | D102: 1 | E102: 47600 | F102: =+D102*E102 -> 47600
B103: PORCENTAJE POR COMPACTACION | C103: M3 | D103: 0.3 | E103: 47600 | F103: =+D103*E103 -> 14280
B104: TRANSPORTE | C104: KM | D104: 10 | E104: 1300 | F104: =+D104*E104 -> 13000
B105: EQUIPO DE ESTENDIDA | C105: Hr | D105: 25 | E105: 130000 | F105: =E105/D105 -> 5200
B106: EQUIPO DE HUMEDECIMIENTO | C106: Hr | D106: 25 | E106: 105000 | F106: =E106/D106 -> 4200
B107: VIBROCOMPACTADOR TIPO RANA | C107: d | D107: 0.045 | E107: 136480.48 | F107: =+D107*E107 -> 6141.6216
B108: HERRAMIENTAS MENORES | C108: %MO | D108: 0.03 | E108: 13067.15 | F108: =(D108*E108) -> 392.0145
B109: MANO DE OBRA AA | C109: hc | D109: 0.5 | E109: ='VALOR CUADRILLAS MO'!D75 -> 26134.298 | F109: =+D109*E109 -> 13067.149
A111: 5.2 | B111: Concreto f'c=3.000 PSI (21 MPa), espesor E=0.08 m para Área de Trote, Zona de Juegos Biosaludables y Área de mesa de juegos. (Incluye suministro, transporte, formaleta, vibrado, refuerzo y demás actividades para su correcta colocación en obra) | C111: M2 | F111: =SUM(F112:F118) -> 68103.389
...

Sheet URBANISMO

Sheet REDES ALCANTARILLADO

Sheet VIAS RURALES

Sheet BASICOS
A1: SECRETARIA DE OBRAS PUBLICAS MUNICIPAL
A2: ANALISIS DE PRECIOS UNITARIOS BASICO-VALLEDUPAR
A3: FECHA: SEPTIEMBRE DE 2021
A4: DESCRIPCION | B4: U.M. | C4: CANTIDAD | D4: VR. UNITARIO | E4: VR. PARCIAL | T4: VR. UNITARIO 2018
A5: MATERIALES BASICOS
A6: CONCRETO PREMEZCLADO PUESTO EN OBRA MR 42 | B6: M3 | D6: ='CONCRETO PREMEZCLADO'!D7 -> 363882.96 | I6: 375930 | J6: Puesto en obra Valledupar | K6: Fuera de V/dupar $800,00 Km/ M3 | T6: 391726.58
A7: CEMENTO GRIS | B7: kg | D7: 516 | E7: ENERO 2.020 ARGOS | J7: MR 41 | K7: 320600 | L7: =K7*1.16 -> 371896 | T7: 552
A8: PIEDRA | B8: M3 | D8: 65000 | E8: gobernacon 2020 | T8: 42483
A9: ARENA LAVADA CANTERA | B9: M3 | D9: 64300 | E9: ojo preguntar | I9: 35000 | J9: Valor en cantera el Dorado | L9: Enero 2.015 | T9: 49980
A10: GRAVILLA FINA 1/2" | B10: M3 | D10: 86870 | E10: gobernacon 2020 | I10: 60000 | J10: Valor en cantera el Dorado | L10: Enero 2.015 | T10: 77469
A11: AGUA | B11: lt | D11: 65 | E11: invias | I11: Invias | T11: 65
A12: TRITURADO 3/4 | B12: M3 | D12: 58310 | E12: gobernacon 2020 | I12: 47000 | J12: Valor en cantera el Dorado | L12: Enero 2.015 | T12: 52479
A13: ABONO | B13: M3 | D13: 43000 | E13: FERRECESAR | T13: 30000
A14: REVUELTO | B14: M3 | D14: 55000 | E14: FERRECESAR | T14: 33000
A15: RELLENO SELECCIONADO | B15: M3 | D15: 51170 | E15: GOBERNACION 2020 | T15: 18742.5
A16: RELLENO GRANULAR-SUB-BASE | B16: M3 | D16: 33320 | E16: gobernacon 2020 | I16: 15000 | J16: Valor en cantera el Dorado | L16: Enero 2.015 | T16: 29988
A17: RELLENO GRANULAR-BASE | B17: M3 | D17: 54740 | E17: gobernacon 2020 | I17: 35000 | J17: Valor en cantera el Dorado | L17: Enero 2.015 | T17: 48730.5
A18: RELLENO SELECCIONADO | B18: M3 | D18: =12000*1.19 -> 14280 | T18: 18742.5
A19: LADRILLO RUSTICO 6X11X24CM 38U/M2 3.1K | B19: UN | D19: 700 | E19: gobernacon 2020 | T19: 400
A20: LADRILLO BOCADILLO 19 x 15x 9 | B20: UN | D20: 400 | E20: gobernacon 2020 | T20: 350
A21: LADRILLO BOCADILLO 30 X 15 X 9.0 | B21: UN | D21: 665 | E21: SE DEJO EL MISMO | T21: 1200
A22: LADRILLO A LA VISTA .07X.09X.25 CORAL 56 M2 | B22: UN | D22: 850 | E22: EL MISMO | T22: 850
A23: LADRILLO A LA VISTA .07X.09X.25 ESFUMADO 56 M2 | B23: UN | D23: 1375 | E23: FERRECESAR | T23: 1375
A24: CARAVISTA ESTRUCTURAL 6X12X24CM | B24: UN | D24: 550 | E24: INTERNET | T24: 550
A25: LADRILLO 9X19X30 | B25: UN | D25: 1300 | E25: EL MISMO | T25: 1300
A26: ALGARROBILLO | B26: PIE | D26: 1930.53 | E26: FERRECESAR | T26: 1200
A27: ABARCO | B27: PIE
A28: TOLUA | B28: PIE | D28: 4000 | E28: EL MISMO | T28: 4000
A29: CARRETO | B29: PIE | D29: 3000 | E29: EL MISMO | T29: 3000
A30: RETIRO ESCOMBROS | B30: M3 | D30: 25351 | E30: gobernacon 2020 | T30: 20550
A32: EQUIPOS
A33: ANDAMIOS COMPLETO | B33: DIA | D33: 1000 | T33: 1190
A34: CERCHAS METALICAS | B34: DIA | D34: 214.2 | E34: FERRECESAR | T34: 238
A35: PARALES METALICOS 3 Y 4MT | B35: DIA | D35: 214.2 | E35: FERRECESAR | T35: 238
A36: TABLONES | B36: DIA | D36: 1000 | T36: 595
A37: TABLERO MADERA .60 X 1.20 (CHAZAS) | B37: DIA | D37: 833 | E37: EL MISMO | T37: 297.5
A38: GUARDERAS .40 X 1.40 | B38: DIA | D38: 238 | E38: FERRECESAR | O38: 5711122 | T38: 273.7
A39: TABLEROS PARA MUROS .40 X 1.20 | B39: DIA | D39: 714 | E39: EL MISMO | O39: 5701106 | T39: 297.5
A40: CORTADORA PAVIMENTO 5CM | B40: ML | D40: 6000 | E40: EL MISMO | O40: 3175049473 | T40: 6000
A41: MEZCLADORA, RANA, VIBRADOR, MOTOBOMBA SIN OPERADOR | B41: DIA | D41: =50000*1.19 -> 59500 | E41: FERRECESAR | G41: 60000 | T41: 59500
A42: MEZCLADORA, RANA, VIBRADOR, MOTOBOMBA CON OPERADOR | B42: DIA | D42: =D41+D58 -> 136480.48 | E42: EL MISMO | G42: 70000 | T42: 82110
A43: FORMALETA METALICA COLUMNA CIRCULAR Ø .2 A .3 LONG. 3.00MT | B43: DIA | D43: =20000*1.19 -> 23800 | E43: EL MISMO | T43: 23800
A44: FORMALETA METALICA COLUMNA CIRCULAR Ø .4 A .5 LONG. 3.00MT | B44: DIA | D44: 44000 | E44: GOBERNACION | T44: 39270
A45: FORMALETA METALICA COLUMNA CIRCULAR Ø .6 LONG. 3.00MT | B45: DIA | D45: =55000*1.19 -> 65450 | E45: EL MISMO | H45: 2.2678334 | T45: 65450
A46: FORMALETA METALICA COLUMNA CUADRADA HASTA .40 X .40 LONG. 2.40MT | B46: DIA | D46: 20416 | E46: GOBERNACION | T46: 15470
A47: COSTO ADICIONAL BOMBEO | B47: M3 | D47: =40000*1.19 -> 47600 | E47: EL MISMO | T47: 42920
A48: RIEL PAVIMENTO 3ML | B48: DIA | D48: 1785 | E48: EL MISMO | T48: 1276
A49: MARTILLO DEMOLEDOR ELECTRICO (HILTI) | B49: HR | D49: 83300 | E49: EL MISMO | T49: 82110
A50: CORTADORA DE CONCRETO | B50: ML | D50: 8000 | T50: 6000
A51: EQUIPOS PINTURA | B51: DIA | D51: 50000 | T51: 50000
A52: MANO DE OBRA
A53: MANO DE OBRA AA-ALBAÑILERIA | B53: HC | D53: =+'VALOR CUADRILLAS MO'!D75 -> 26134.298 | T53: 23821.256
A54: MANO DE OBRA BB-PLOMERIA Y ELECTRICAS | B54: HC | D54: =+'VALOR CUADRILLAS MO'!D89 -> 28747.728 | T54: 26203.381
A55: MANO DE OBRA CC-PINTURA | B55: HC | D55: =+'VALOR CUADRILLAS MO'!D101 -> 31361.158 | T55: 27394.444
A56: MANO DE OBRA DD-CARPINTERIA MADERA Y METAL. | B56: HC | D56: =+'VALOR CUADRILLAS MO'!D113 -> 31361.158 | T56: 28585.507
A57: CUADRILLA "EE" (CABLEADO ESTRUCTURAL) | B57: HC | D57: =+'VALOR CUADRILLAS MO'!D125 -> 33974.587 | T57: 30967.633
A58: JORNAL DIARIO AYUDANTE | B58: DIA | D58: =+'VALOR CUADRILLAS MO'!D66 -> 76980.478 | T58: 70167.244
A59: AYUDANTE | B59: HR | D59: =+'VALOR CUADRILLAS MO'!D67 -> 9622.5598 | T59: 8770.9055
A61: ANALISIS BASICOS
A62: MORTERO 1:3 | B62: M3 | E62: =ROUND(SUM(E63:E68),0) -> 373306
A63: CEMENTO GRIS | B63: kg | C63: 454 | D63: =+D7 -> 516 | E63: =+C63*D63 -> 234264 | T63: 552
A64: AGUA | B64: lt | C64: 220 | D64: =+D11 -> 65 | E64: =+C64*D64 -> 14300 | T64: 65
A65: ARENA | B65: M3 | C65: 1.3 | D65: =+D9 -> 64300 | E65: =+C65*D65 -> 83590 | T65: 49980
A66: HERRAMIENTAS MENORES | B66: d | C66: 0.03 | D66: =+E68 -> 26134.298 | E66: =(C66*D66) -> 784.02894 | T66: 23821.256
A67: TRANSPORTE DE AGREGADOS PETROS | B67: km/m3 | C67: =C65*10 -> 13 | D67: =INSUMOS!D24 -> 1094.8912 | E67: =(C67*D67) -> 14233.586 | T67: 1100
A68: MANO DE OBRA AA-ALBAÑILERIA | B68: hr | C68: 1 | D68: =D53 -> 26134.298 | E68: =+C68*D68 -> 26134.298 | T68: 23821.256
A70: MORTERO 1:3 IMPERMEABILIZADO | B70: M3 | E70: =ROUND(SUM(E71:E77),0) -> 510759
A71: CEMENTO GRIS | B71: kg | C71: 454 | D71: =D7 -> 516 | E71: =+C71*D71 -> 234264 | T71: 552
A72: AGUA | B72: lt | C72: 220 | D72: =D11 -> 65 | E72: =+C72*D72 -> 14300 | T72: 65
A73: ARENA | B73: M3 | C73: 1.3 | D73: =+D9 -> 64300 | E73: =+C73*D73 -> 83590 | T73: 49980
A74: SIKA-1 | B74: kg | C74: 9.07 | D74: =INSUMOS!D111 -> 15154.65 | E74: =+C74*D74 -> 137452.68 | T74: 9559.27
A75: HERRAMIENTAS MENORES | B75: d | C75: 0.03 | D75: =E77 -> 26134.298 | E75: =(C75*D75) -> 784.02894 | T75: 23821.256
A76: TRANSPORTE DE AGREGADOS PETROS | B76: km/m3 | C76: =C73*10 -> 13 | D76: =INSUMOS!D24 -> 1094.8912 | E76: =(C76*D76) -> 14233.586 | T76: 1100
A77: AYUDANTE ALBAÑILERÍA (A) | B77: hr | C77: 1 | D77: =D53 -> 26134.298 | E77: =+C77*D77 -> 26134.298 | T77: 23821.256
A79: MORTERO 1:4 | B79: M3 | E79: =ROUND(SUM(E80:E85),0) -> 316331
A80: CEMENTO GRIS | B80: kg | C80: 364 | D80: =+D7 -> 516 | E80: =+C80*D80 -> 187824 | T80: 552
A81: AGUA | B81: lt | C81: 220 | D81: =+D11 -> 65 | E81: =+C81*D81 -> 14300 | T81: 65
A82: ARENA | B82: M3 | C82: 1.16 | D82: =+D9 -> 64300 | E82: =+C82*D82 -> 74588 | T82: 49980
A83: HERRAMIENTAS MENORES | B83: d | C83: 0.03 | D83: =+E85 -> 26134.298 | E83: =(C83*D83) -> 784.02894 | T83: 23821.256
A84: TRANSPORTE DE AGREGADOS PETROS | B84: km/m3 | C84: =C82*10 -> 11.6 | D84: =INSUMOS!D24 -> 1094.8912 | E84: =(C84*D84) -> 12700.738 | T84: 1100
A85: MANO DE OBRA AA-ALBAÑILERIA | B85: hr | C85: 1 | D85: =D68 -> 26134.298 | E85: =+C85*D85 -> 26134.298 | T85: 23821.256
A87: MORTERO 1:5 | B87: M3 | E87: =ROUND(SUM(E88:E93),0) -> 284879
A88: CEMENTO GRIS | B88: kg | C88: 302 | D88: =+D7 -> 516 | E88: =+C88*D88 -> 155832 | T88: 552
A89: AGUA | B89: lt | C89: 182 | D89: =+D11 -> 65 | E89: =+C89*D89 -> 11830 | T89: 65
A90: ARENA | B90: M3 | C90: 1.2 | D90: =+D9 -> 64300 | E90: =+C90*D90 -> 77160 | T90: 49980
A91: HERRAMIENTAS MENORES | B91: d | C91: 0.03 | D91: =+E93 -> 26134.298 | E91: =(C91*D91) -> 784.02894 | T91: 23821.256
A92: TRANSPORTE DE AGREGADOS PETROS | B92: km/m3 | C92: =C90*10 -> 12 | D92: =INSUMOS!D24 -> 1094.8912 | E92: =(C92*D92) -> 13138.694 | T92: 1100
A93: MANO DE OBRA AA-ALBAÑILERIA | B93: hr | C93: 1 | D93: =D68 -> 26134.298 | E93: =+C93*D93 -> 26134.298 | T93: 23821.256
A95: MORTERO 1:4 IMPERMEABILIZADO | B95: M3 | E95: =ROUND(SUM(E96:E102),0) -> 453784
A96: CEMENTO GRIS | B96: kg | C96: 364 | D96: =+D7 -> 516 | E96: =+C96*D96 -> 187824 | T96: 552
A97: AGUA | B97: lt | C97: 220 | D97: =+D11 -> 65 | E97: =+C97*D97 -> 14300 | T97: 65
A98: ARENA | B98: M3 | C98: 1.16 | D98: =+D9 -> 64300 | E98: =+C98*D98 -> 74588 | T98: 49980
A99: SIKA-1 | B99: kg | C99: 9.07 | D99: =+INSUMOS!D111 -> 15154.65 | E99: =+C99*D99 -> 137452.68 | T99: 9559.27
A100: HERRAMIENTAS MENORES | B100: d | C100: 0.03 | D100: =+E102 -> 26134.298 | E100: =(C100*D100) -> 784.02894 | T100: 23821.256
A101: TRANSPORTE DE AGREGADOS PETROS | B101: km/m3 | C101: =C98*10 -> 11.6 | D101: =INSUMOS!D24 -> 1094.8912 | E101: =(C101*D101) -> 12700.738 | T101: 1100
A102: MANO DE OBRA AA-ALBAÑILERIA | B102: hr | C102: 1 | D102: =D68 -> 26134.298 | E102: =+C102*D102 -> 26134.298 | T102: 23821.256
A104: CONCRETO 1:1 1/2:2 ELABORADO EN OBRA (4000 PSI) | B104: M3
A105: CEMENTO GRIS | B105: kg | C105: 475 | D105: =+D7 -> 516 | E105: =+C105*D105 -> 245100 | T105: 552
A106: AGUA | B106: lt | C106: 200 | D106: =+D11 -> 65 | E106: =+C106*D106 -> 13000 | T106: 65
A107: ARENA | B107: M3 | C107: 0.56 | D107: =+D9 -> 64300 | E107: =+C107*D107 -> 36008 | T107: 49980
...

Sheet INSUMOS
B1: SECRETARÍA DE OBRAS PÚBLICAS MUNICIPAL
B2: LISTADO DE MATERIALES-VALLEDUPAR
B3: FECHA: SEPTIEMBRE DE 2021
A4: ITEMS | B4: INSUMOS | C4: U.M. | D4: VR. UNITARIO | F4: VR. UNITARIO 2018
A5: 1 | B5: ESTACA DE MADERA | C5: UN | D5: 2067.03 | F5: 1000 | P5: FERRECESAR
A6: 2 | B6: ALGARROBILLO 4"X2"X3.00MT | C6: UN | D6: 15470 | F6: 11000 | K6: pino patula 4 cmx9x3 mts | L6: 25236 | P6: FERRECESAR
A7: 3 | B7: ALGARROBILLO 2"X2"X3.00MT | C7: UN | D7: 8050.35 | F7: 5700 | L7: 11592 | P7: FERRECESAR
A8: 4 | B8: TABLA 1''X12"X3.00MT ALGARROBILLO | C8: UN | D8: 21387.87 | F8: 15000 | P8: FERRECESAR
A9: 5 | B9: TABLA 1''X12"X3.00MT TOLUA | C9: UN | D9: 61000 | F9: 45000 | P9: GOBERNACION
A10: 6 | B10: TABLA 1''X4"X3.00MT ALGARROBILLO | C10: UN | D10: 7455 | F10: 5700 | P10: FERRECESAR
A11: 7 | B11: TABLA 1''X10"X3.00MT ALGARROBILLO | C11: UN | D11: 18000 | F11: 14000 | P11: GOBERNACION
A12: 8 | B12: TABLA 1''X8"X3.00MT ALGARROBILLO | C12: UN | D12: 18000 | F12: 14000 | P12: GOBERNACION
A13: 9 | B13: ALGARROBILLO | C13: PIE | D13: 1930.53 | F13: 1400 | P13: FERRECESAR
A14: 10 | B14: TOLUA | C14: PIE | D14: 5000 | F14: 4100 | P14: GOBERNACION
A15: 11 | B15: CEDRO | C15: PIE | D15: 5000 | F15: 3100 | P15: GOBERNACION
A16: 12 | B16: ROBLE | C16: PIE | D16: 5000 | F16: 3100 | P16: GOBERNACION
A17: 13 | B17: CARRETO | C17: PIE | D17: 5000 | F17: 3100 | P17: GOBERNACION
A18: 14 | B18: ABARCO | C18: PIE
A19: 15 | B19: EQUIPO DE TOPOGRAFIA (INCLUYE TRANSITO, NIVEL Y COMPLEMENTARIOS) | C19: MES | D19: ='RES 747 TARIFAS PROF.'!X55 -> 3267000 | F19: ='RES 747 TARIFAS PROF.'!X55 -> 3267000 | P19: EL MISMO
A20: 16 | B20: CADENERO 1 | C20: MES | D20: ='RES 747 TARIFAS PROF.'!X40 -> 1526000 | F20: ='RES 747 TARIFAS PROF.'!X40 -> 1526000 | P20: EL MISMO
A21: 17 | B21: CADENERO 2 | C21: MES | D21: ='RES 747 TARIFAS PROF.'!X41 -> 1329000 | F21: ='RES 747 TARIFAS PROF.'!X41 -> 1329000 | P21: EL MISMO
A22: 18 | B22: TOPOGRAFO | C22: DIA | D22: 150050 | F22: =#REF!/30 -> #REF! | P22: GOBERNACION
A23: 19 | B23: TRANSPORTE MATERIAL | C23: M3/KM | D23: =D24 -> 1094.8912 | F23: 1100 | P23: POR PORCENTAJE
A24: 20 | B24: TRANSPORTE MEZCLA | C24: M3/KM | D24: =1052.78*1.04 -> 1094.8912 | F24: 1100 | P24: POR PORCENTAJE
A25: 21 | B25: VIBROCOMPACTADOR TIPO DINAPAC CA 15 | C25: h | D25: 136408.61 | F25: 127800 | P25: GOBERNACION
A26: 22 | B26: CINTA SEGURIDAD DE 75 MM X 100 MTS | C26: ML | D26: 112.76 | F26: 112.76 | L26: 11276 | P26: GOBERNACION
A27: 23 | B27: TELA VERDE ESTABILIZADA 2.1 | C27: ML | D27: 1666 | F27: 6366.5 | P27: FERRECESAR
A28: 24 | B28: TRANSPORTE MOTONIVELADORA | C28: km | D28: 90000 | F28: 90000 | P28: EL MISMO
A29: 25 | B29: MOTONIVELADORA POTENCIA 215 HP, ANCHO DE CUCHILLA 4,27 M, PESO 18 TON. | C29: h | D29: 182992.44 | F29: 181050 | P29: EL MISMO
A30: 26 | B30: MOTONIVELADORA | C30: h | D30: =D29 -> 182992.44 | F30: 170000 | P30: EL MISMO
A31: 27 | B31: VOLQUETA 6 M3 | C31: vj | D31: 120000 | F31: 120000 | K31: Volqueta a mano | M31: 100000 | P31: EL MISMO
A32: 28 | B32: CARGADOR : POTENCIA EN EL VOLANTE 110 HP, CLASIFICACIÓN DE RPM DEL MOTOR 2300. | C32: h | D32: 151027.54 | F32: 150165 | P32: EL MISMO
A33: 29 | B33: CARGADOR : POTENCIA EN EL VOLANTE 125 HP, CLASIFICACIÓN DE RPM DEL MOTOR 2300. | C33: h | D33: 161699.24 | F33: 162413 | P33: EL MISMO
A34: 30 | B34: RETROEXCAVADORA SOBRE LLANTAS, MOTOR 62HP, PROFUNDIDAD DE EXCAVACIÓN DE 5.41 METROS. | C34: h | D34: 193073 | F34: 130000 | P34: GOBERNACION
A35: 31 | B35: COMPRESOR 1CON DOS MARTILLO | C35: h | D35: 105000 | F35: 105000 | P35: EL MISMO
A36: 32 | B36: AGUA DE CARROTANQUE | C36: lt | D36: =BASICOS!D11 -> 65 | F36: =N36 -> 0 | L36: =46000*1.16/2000 -> 26.68 | P36: EL MISMO
A37: 33 | B37: Vibrocompatador, potencia 153 HP, peso 10 Ton. | C37: h | D37: 116620 | F37: 127800 | P37: GOBERNACION
A38: 34 | B38: Carrotanque de agua(1000 Galones) | C38: h | D38: 71700 | F38: 63900 | P38: GOBERNACION
A39: 35 | B39: VIBROCOMPACTADOR TIPO RANA CON OPERADOR | C39: d | D39: =(7500*8)+BASICOS!D58 -> 136980.48 | F39: 85000 | P39: EL MISMO
A40: 36 | B40: PUNTILLA EL CABALLO 2 1/2" X 11 CC | C40: LB | D40: 3464.09 | F40: 2779.84 | K40: 3115.76 | L40: =2255*1.16 -> 2615.8 | P40: FERRECESAR
A41: 37 | B41: PUNTILLA CON CABEZA 2" 159UN/LB | C41: lb | D41: 3464.09 | F41: =136797.64/50 -> 2735.9528 | K41: 3135.48 | P41: FERRECESAR
A42: 38 | B42: PUNTILLA CON CABEZA 3/4 a 1" | C42: lb | D42: 5261.18 | F42: 5261.18 | K42: 5261.18 | L42: =2842*1.16 -> 3296.72 | P42: FERRECESAR
A43: 39 | B43: PUNTILLA CON CABEZA 1 1/ 2 a 3 1/2" | C43: lb | D43: 4605.3 | F43: 4605.3 | K43: 3648.432 | L43: 2691.2 | P43: FERRECESAR
A44: 40 | B44: ALAMBRE NEGRO No.17 kG | C44: kg | D44: 5474 | F44: 4835.565 | K44: 3841.92 | L44: 2016 | P44: FERRECESAR
A45: 41 | B45: ACERO DE REFUERZO PDR-40 | C45: kg | D45: 3648 | F45: 2582 | G45: 3391.5 | K45: 3841.92 | P45: GOBERNACION
A46: 42 | B46: ACERO DE REFUERZO PDR-60 | C46: kg | D46: 3751 | F46: 3249 | K46: 3406.98 | L46: 2016 | P46: GOBERNACION
A47: 43 | B47: ACERO DE Ø1/4 CORRUGADA | C47: ml | D47: =6545/6 -> 1090.8333 | F47: 652.52 | K47: 888.75 | L47: 2016 | P47: FERRECESAR
A48: 44 | B48: ACERO DE Ø1/4 CORRUGADA | C48: kg | D48: 4380.84 | F48: 2582 | K48: 3555.01 | P48: FERRECESAR
A49: 45 | B49: ACERO DE Ø3/8 CORRUGADA | C49: ml | D49: =9894.85/6 -> 1649.1417 | F49: 1436 | K49: 1907.91 | L49: 2016 | P49: FERRECESAR
A50: 46 | B50: ACERO DE Ø3/8 CORRUGADA | C50: kg | D50: 2944.9 | F50: 2582 | K50: 3406.9821 | L50: 2016 | P50: FERRECESAR
A51: 47 | B51: ACERO DE Ø1/2 CORRUGADA | C51: ml | D51: =17731/6 -> 2955.1667 | F51: 3227.042 | K51: 3330.7467 | L51: 2016 | P51: EL MISMO
A52: 48 | B52: ACERO DE Ø1/2 CORRUGADA | C52: kg | D52: 2973 | F52: 2955.17 | K52: 3330.7467 | P52: FERRECESAR
A53: 49 | B53: ACERO DE Ø5/8 CORRUGADA | C53: ml | D53: =27560.4/6 -> 4593.4 | F53: 4593.4 | K53: 5229.6667 | L53: 2016 | P53: FERRECESAR
A54: 50 | B54: ACERO DE Ø5/8 CORRUGADA | C54: kg | D54: 3408.98 | F54: =F53/1.552 -> 2959.6649 | K54: 3352.3504 | P54: EL MISMO
A55: 51 | B55: ACERO DE Ø3/4 CORRUGADA | C55: ml | D55: =39369.96/6 -> 6561.66 | F55: 6561.66 | K55: 7509.55 | L55: 2016 | P55: FERRECESAR
A56: 52 | B56: ACERO DE Ø3/4 CORRUGADA | C56: kg | D56: 3391.54 | F56: =F55/2.235 -> 2935.8658 | K56: 3330.7708 | P56: EL MISMO
A57: 53 | B57: ACERO DE Ø3/4 LISO | C57: kg | D57: 3737.71 | F57: =6997.2/2.235 -> 3130.7383 | K57: 3330.7708 | P57: FERRECESAR
A58: 54 | B58: ACERO DE Ø1 CORRUGADA | C58: kg | D58: 3537.03 | F58: =10250.66/3.973 -> 2580.0805 | K58: 3391.3484 | L58: 2016 | P58: FERRECESAR
A59: 55 | B59: ANGULO 6M 2-1/2 * 1/4 | C59: ml | D59: =132894.44/6 -> 22149.073 | F59: =118894.09/6 -> 19815.682 | K59: 22028.207 | L59: 107563 | P59: FERRECESAR
A60: 56 | B60: ANGULO 6M 2'' * 1/4 | C60: ml | D60: =106029/6 -> 17671.5 | F60: =97633.55/6 -> 16272.258 | L60: 71519 | P60: FERRECESAR
A61: 57 | B61: ANGULO 6M 2'' * 1/8 | C61: ml | D61: =62773.69/6 -> 10462.282 | F61: =48033.16/6 -> 8005.5267 | L61: 36610 | P61: FERRECESAR
A62: 58 | B62: PLATINA DE 1 1/2" x1/4"-20X20CM | C62: ML | D62: =40797.96/6 -> 6799.66 | F62: =35694.05/6 -> 5949.0083 | L62: =31130.4*1.16 -> 36111.264 | P62: FERRECESAR
A63: 59 | B63: ALAMBRE GALV BWG 10 | C63: KG | D63: 5295.5 | F63: 4879 | P63: FERRECESAR
A64: 60 | B64: SEGUETA NICHOLSON | C64: UN | D64: 26622.68 | F64: 26622.68 | P64: se dejop el m,mismo
A65: 61 | B65: CODO SANITARIO PVC CXC DE 45° DE 2" | C65: UN | D65: 3660.44 | F65: 2998 | P65: FERRECESAR
A66: 62 | B66: YEE SANITARIA PVC REDUCIDA 4 X 2 | C66: UN | D66: 21323.61 | F66: 17463 | P66: FERRECESAR
A67: 63 | B67: TUBO PVC SANITARIO 4 | C67: ML | D67: 23460.85 | F67: 19372.83 | P67: FERRECESAR
A68: 64 | B68: CODO 90° 1/4 CXC SANITARIO 4 | C68: UN | D68: 13552 | F68: 12320 | M68: Referencia | N68: Diámetro / Pulg. | O68: Precio sin IVA | P68: Precio con IVA
A69: 65 | B69: CODO SANITARIO PVC CXC DE 45° DE 4 | C69: UN | D69: 13727.84 | F69: 11243 | M69: 2900322 | N69: 2 | O69: 60933 | P69: 70682
A70: 66 | B70: UNIÓN PVC SANITARIA 4 | C70: UN | D70: 7109.06 | F70: 5823 | M70: 2900325 | N70: 3 | O70: 91028 | P70: 105592
A71: 67 | B71: TUBO VENTILACION 4" | C71: ML | D71: =100961.98/6 -> 16826.997 | F71: 14034.33 | M71: 2900329 | N71: 4 | O71: 126856 | P71: 147153 | Q71: =P71/6 -> 24525.5
A72: 68 | B72: SOLDADURA PVC PAVCO 1/4 | C72: UN | D72: 94253.95 | F72: 77194 | M72: 2900334 | N72: 6 | O72: 268629 | P72: 311610
A73: 69 | B73: LIMPIADOR REMOV. 1/4 PAVCO. | C73: UN | D73: 45447.29 | F73: 37221 | P73: FERRECESAR
A74: 70 | B74: TUBO PVC SANITARIO 2 | C74: ML | D74: =66954.16/6 -> 11159.027 | F74: 9306.83 | P74: FERRECESAR
A75: 71 | B75: YEE SANITARIA 2 | C75: UN | D75: 7013.86 | F75: 5744 | P75: FERRECESAR
A76: 72 | B76: UNIÓN PVC SANIT 2 | C76: UN | D76: 2465.68 | F76: 2019 | P76: FERRECESAR
A77: 73 | B77: CODO 90° 1/4 CXC SANITARIO 2 | C77: UN | D77: 3297 | F77: 3088 | P77: FERRECESAR
A78: 74 | B78: TUBO VENTILACION 2" | C78: ML | D78: =43869.35/6 -> 7311.5583 | F78: 6098 | P78: FERRECESAR
A79: 75 | B79: UNIÓN PVC SANIT 3" | C79: UN | D79: 3559.29 | F79: 2916 | P79: FERRECESAR
A80: 76 | B80: UNIÓN PVC SANIT 1 1/2 | C80: UN | D80: 2153.9 | F80: 1765 | P80: FERRECESAR
A81: 77 | B81: CODO 90° 1/4 CXC SANITARIO 1 1/2 | C81: UN | D81: 2608.48 | F81: 2611 | M81: Tubos S8 (PS 8 kN/m² - 57 psi.) tramos por 6 m. | P81: FERRECESAR
A82: 78 | B82: TUBO PVC SANITARIO 1 1/2 | C82: ML | D82: =54003.39/6 -> 9000.565 | F82: 7506.67 | M82: 2900075 4-110 mm $87.368 $101.347 | N82: =101347/6 -> 16891.167 | P82: FERRECESAR | Q82: 2905226 1.1/2 70 $1.927 $2.235
A83: 79 | B83: CODO 90° 1/4 CXC SANITARIO 3" | C83: UN | D83: 7081.69 | F83: 6714 | M83: 2900077 6-160 mm $170.643 $197.946 | P83: FERRECESAR | Q83: 2906070 2 70 $2.210 $2.563
A84: 80 | B84: TUBO PVC SANITARIO 3" | C84: ML | D84: =100005.22/6 -> 16667.537 | F84: 13901.17 | M84: 2900079 8-200 mm $233.035 $270.320 | P84: FERRECESAR | Q84: 2905309 3 40 $3.186 $3.696
A85: 81 | B85: CODO SANITARIO PVC CXC DE 45° DE 3" | C85: UN | D85: 7865.9 | F85: 6443 | M85: 2900065 10-250 mm $340.359 $394.816 | P85: FERRECESAR | Q85: 2905359 4 40 $6.353 $7.369
A86: 82 | B86: TUBO VENTILACION 3" | C86: ML | D86: =58551.57/6 -> 9758.595 | F86: 8138.83 | M86: 2900067 12-315 mm $503.225 $583.741 | P86: FERRECESAR | Q86: 2901704 6 8 $27.853 $32.310
A87: 83 | B87: TUBO PVC SANITARIO 6" | C87: ML | D87: =295134.28/6 -> 49189.047 | F87: 41025 | M87: 2902478 14-355 mm $586.924 $680.831 | P87: FERRECESAR | Q87: Unión
A88: 84 | B88: CODO SANITARIO PVC CXC DE 45° DE 6" | C88: UN | D88: 50378.65 | F88: 41261 | M88: 2900069 16-400 mm $823.154 $954.859 | P88: FERRECESAR
A89: 85 | B89: UNIÓN PVC SANITARIA 6 | C89: UN | D89: 31163.72 | F89: 25523 | M89: 2900071 18-450 mm $1.092.230 $1.266.987 | P89: FERRECESAR
A90: 86 | B90: LUBRICANTE PVC 500 GRAMOS | C90: UN | D90: 20790.49 | F90: 17028 | P90: FERRECESAR
A91: 87 | B91: TUBO PVC AGUAS NEGRAS 6" Novafor de pavco 160 MM | C91: ML | D91: =190872.43/6 -> 31812.072 | F91: 26532 | M91: 2900073 20-500 mm $1.367.737 $1.586.575 | P91: FERRECESAR
A92: 88 | B92: TUBO PVC AGUAS NEGRAS 8" Novafor de pavco 200 MM | C92: ML | D92: =260671.88/6 -> 43445.313 | F92: 36234.5 | P92: FERRECESAR
A93: 89 | B93: TUBO PVC AGUAS NEGRAS 10" Novafor 250 MM | C93: ML | D93: =380725.03/6 -> 63454.172 | F93: 52920.83 | P93: FERRECESAR
A94: 90 | B94: TUBO PVC AGUAS NEGRAS 12" Novafor 315 MM | C94: ML | D94: =562916.41/6 -> 93819.402 | F94: 78248 | P94: FERRECESAR
A95: 91 | B95: TUBO PVC AGUAS NEGRAS 14" Novafor 355MM | C95: ML | D95: =806605.8/6 -> 134434.3 | F95: 112122 | M95: Tubos S4 (PS 4 kN/m² - 28 psi.) tramos por 6,5 m. | P95: FERRECESAR
A96: 92 | B96: TUBO PVC AGUAS NEGRAS 16" Novafor 400 MM | C96: ML | D96: =986565.93/6 -> 164427.65 | F96: 137137.33 | M96: 2900514 27 pulg. $2.359.891 $2.737.474 | P96: FERRECESAR
A97: 93 | B97: TUBO PVC AGUAS NEGRAS 20" Novafor 500 MM | C97: ML | D97: =1661115.05/6 -> 276852.51 | F97: 230902.83 | M97: 2906380 30 pulg. $3.074.063 $3.565.914 | P97: FERRECESAR
A98: 94 | B98: TUBO PVC AGUAS NEGRAS 30" Novafor | C98: ML | D98: =3818313.73/6.5 -> 587432.88 | F98: 449107.69 | M98: 2900506 33 pulg. $3.809.630 $4.419.171 | P98: FERRECESAR
A99: 95 | B99: BAJANTE X 3 MTS PVC PAVCO. B.S | C99: UN | D99: 114888 | F99: 114888 | P99: FERRECESAR
A100: 96 | B100: TEJA ARQ GALV TZA 0.73 * 2.44 C30 (0.30 mm) | C100: UN | D100: =36116.5/(0.73*2.44) -> 20276.499 | F100: 41983.2 | K100: homcenter | L100: 58326 | P100: FERRECESAR
...

Sheet VALOR CUADRILLAS MO
A1: SECRETARÍA DE OBRAS PÚBLICAS
A2: TARIFAS MANO DE OBRA Y PRESTACIONES SOCIALES
A3: FECHA: ENERO DE 2021 | V3: Tendrá un incremento del 6%, equivalente a $46.874. Auxilio de transporte queda en $97.032. El total que recibirán los trabajadores es de $925.148.
A4: 1.-SALARIOS DE MANO DE OBRA | E4: % | S4: 2019 | V4: Al anunciar el aumento del 6% para el salario y del 10% para el auxilio del transporte, el presidente señaló que "es el aumento real más significativo en 25 años".
V5: De igual manera, agregó: "Esto muestra que nos podemos poner de acuerdo en lo que le conviene al país. Colombia necesita reactivar la economía y al mismo tiempo ir mejorando las condiciones de todos los trabajadores y generando más empleos formales".
A6: A- Salario Minimo Legal | C6: 908526 | H6: Con este incremento, el salario mínimo pasa de $737.717 a $781.242 y el auxilio de transporte pasa de $83.140 a $88.211. | S6: 828116 | V6: El aumento fue celebrado tanto por empresarios com
A7: B- Auxilio de Transporte | C7: 106454 | S7: 97032
A8: C- Total Mensual | C8: =SUM(C6:C7) -> 1014980 | S8: =SUM(S6:S7) -> 925148
A9: D- Anual (A/30x365) | C9: =+C6/30*365 -> 11053733 | E9: 1 | F9: =C9/C$9 -> 1
A10: Subsidio de Transporte Anual | C10: =+C7*12 -> 1277448 | E10: =C10/C$9 -> 0.11556711
A11: E- Anual con Subsidio de Transporte | C11: =+C9+C10 -> 12331181
A13: PRESTACIONES | B13: BASE
A14: Cesantias | B14: E | C14: 0.1 | D14: =+C11*36/365 -> 1216226.1 | E14: =D14/C$9 -> 0.11002854
A15: Intereses | B15: =+A14 -> Cesantias | C15: 0.12 | D15: =+D14*C15 -> 145947.13 | E15: =D15/C$9 -> 0.013203424
A16: Vacaciones 15 Dias | B16: A | C16: 0.5 | D16: =+C6/2 -> 454263 | E16: =D16/C$9 -> 0.04109589
A17: Primas 30 Dias | B17: C | C17: 1 | D17: =+C8 -> 1014980 | E17: =D17/C$9 -> 0.091822373
A19: OTROS COSTOS
A20: Botas y Overol | B20: 82500 | C20: 3 | D20: =+B20*C20 -> 247500 | E20: =D20/C$9 -> 0.022390626
A21: Seguro Colectivo | B21: D | C21: 0.005 | D21: =+C9*C21 -> 55268.665 | E21: =D21/C$9 -> 0.005
A23: SEGURIDAD SOCIAL
A24: Pensiones | B24: D | C24: 0.12 | D24: =+C9*C24 -> 1326448 | E24: =D24/C$9 -> 0.12
A25: Medicina Familiar | B25: D | C25: 0.085 | D25: =+C9*C25 -> 939567.31 | E25: =D25/C$9 -> 0.085
A26: Riesgos Profesionales | B26: D | C26: 0.056 | D26: =+C9*C26 -> 619009.05 | E26: =D26/C$9 -> 0.056
L27: 6045617
A28: APORTES SENA | L28: =+L27*10.98% -> 663808.75
A29: Aporte Ordinario | B29: D | C29: 0.02 | D29: =+C9*C29 -> 221074.66 | E29: =D29/C$9 -> 0.02
A30: F.I.C | B30: Nota 4 | C30: 0.18 | D30: =+C10*C30 -> 229940.64 | E30: =D30/C$9 -> 0.02080208
L31: 556200
A32: OTROS APORTES | L32: =+L31/30*365 -> 6767100
A33: I.C.B.F | B33: D | C33: 0.03 | D33: =+C9*C33 -> 331611.99 | E33: =D33/C$9 -> 0.03 | L33: =+L32*10.98% -> 743027.58
A34: Subsidio Familiar | B34: D | C34: 0.04 | D34: =+C9*C34 -> 442149.32 | E34: =D34/C$9 -> 0.04
A36: VALOR REAL DEL SALARIO | D36: =SUM(D14:D35)+C11 -> 19575167 | E36: =SUM(E14:E35) -> 0.65534293
A38: NOTAS:
A39: 1.- Subsidio de transporte solo se paga hasta sueldos de 2 salarios minimos mensules legales vigentes.
A40: 2.- Subsidio de transporte anual = Subsidio mensual / 30 x (365 dias-18 fiestas - 3 permisos- 15 dias vacaciones).
A41: 3.- Porcentajes solo son validos para actividades de construccion. Para otros empleados se debe utilizar 30 dias de cesantia y 2.2% (promedio para empresas de bajo riesgo).
A42: 4.- Un salario minimo por cada 40 trabajadores. El valor se obtiene asi: (Salario minimo x 12 / 40) / Salario anual estudiado.
A43: 5.- El crecimiento promedio del PIB entre 2005 y 2006 fue superior al 4%y por ello la cotizacion a pensiones por parte del patrono durante 2009 debe aumentar al 12%, segun lo dispuesto por la ley 297 del 2003.
A44: * Todos los porcentajes estan relacionados con el salario para 365 dias.
A45: * Los 18 feriados hacen referencia a los dias feriados que de lunes a viernes .
A47: 2- CALCULO DE SOBRECOSTO POR HORAS EFECTIVAS TRABAJADAS-OBREROS CON UN SALARIO MINIMO TRABAJADO
A49: A- Anual con Subsidio de Transporte | D49: =+D36 -> 19575167
A50: B- Horas Calendario Anuales | C50: 365 x 8 Hhr | D50: 2920 | L50: =+J50*8 -> 0
A51: C- Horas Laborales Anuales | C51: (52 Sem x 48 Hr)+8Hr | D51: 2504
A52: D- Horas Habiles Anuales | C52: 2920 Hr-((52 Dom + 18 Fiestas + 3 Permisos) x 8 Hr) | D52: 2344
A53: E- Valor Hora Calendario | C53: A/B | D53: =+D49/D50 -> 6703.8242 | E53: 1
A54: F- Valor Hora Laboral | C54: A/C | D54: =+D49/D51 -> 7817.5586 | E54: =D54/D53 -> 1.1661342
A55: G- Valor Hora Efectiva | C55: A/D | D55: =+D49/D52 -> 8351.1804 | E55: =D55/D53 -> 1.2457338
A57: NOTAS:
A58: Los factores de sobrecostos se utilizan para valorizar el tiempo efectivo que un obrero dedica a su labor y refleja el costo del tiempo durante el cual no esta trabajando pero si esta devengando.
A59: Si se toma como base la hora calendario, se incrementa 24.57% para obtener la hora efectiva.
A60: Si se toma como base la hora laboral, se incrementa 6.83% para obtener la hora efectiva.
A62: CALCULO DE CUADRILLAS
A64: CUADRILLA "AA" (Albañileria)
A65: Jornal Ayudante | C65: 1.2 Minimos | D65: =(+C6*12/365)*1.2 -> 35843.218
A66: Valor Real del Jornal | C66: 2.1477 | D66: =+D65*C66 -> 76980.478
A67: Valor Total Hr Ayudante | D67: =+D66/8 -> 9622.5598
A69: Jornal Oficial | C69: 2.1 Minimos | D69: =(+C6*12/365)*2.1 -> 62725.631
A70: Valor Real del Jornal | C70: 2.1059 | D70: =+D69*C70 -> 132093.91
A71: Valor Total Hr Oficial | D71: =+D70/8 -> 16511.738
G72: 2017
A74: Valor Dia Cuadrilla | D74: =+D70+D66 -> 209074.38 | G74: 169766.99
A75: Valor Hr Cuadrilla | D75: =+D71+D67 -> 26134.298 | G75: 21220.874
A77: Salida Electrica | C77: 1.55 Hr AA
A79: CUADRILLA "BB" (Instalaciones)
A80: Jornal Ayudante | C80: 1.2 Minimos | D80: =+D65*1.1 -> 39427.539
A81: Valor Real del Jornal | C81: 2.1477 | D81: =+D66*1.1 -> 84678.526
A82: Valor Total Hr Ayudante | D82: =+D67*1.1 -> 10584.816
A84: Jornal Oficial | C84: 2.1 Minimos | D84: =+D69*1.1 -> 68998.194
A85: Valor Real del Jornal | C85: 2.1059 | D85: =+D70*1.1 -> 145303.3
A86: Valor Total Hr Oficial | D86: =+D71*1.1 -> 18162.912
A88: Valor Dia Cuadrilla | D88: =+D85+D81 -> 229981.82 | G88: 186743.69
A89: Valor Hr Cuadrilla | D89: =+D86+D82 -> 28747.728 | G89: 23342.962
A91: CUADRILLA "CC" (Pintura)
A92: Jornal Ayudante | C92: 1.2 Minimos | D92: =+D65*1.2 -> 43011.861
A93: Valor Real del Jornal | C93: 2.1477 | D93: =+D66*1.2 -> 92376.574
A94: Valor Total Hr Ayudante | D94: =+D67*1.2 -> 11547.072
A96: Jornal Oficial | C96: 2.1 Minimos | D96: =+D69*1.2 -> 75270.757
A97: Valor Real del Jornal | C97: 2.1059 | D97: =+D70*1.2 -> 158512.69
A98: Valor Total Hr Oficial | D98: =+D71*1.2 -> 19814.086
A100: Valor Dia Cuadrilla | D100: =+D97+D93 -> 250889.26 | G100: 195232.04
A101: Valor Hr Cuadrilla | D101: =+D98+D94 -> 31361.158 | G101: 24404.005
A103: CUADRILLA "DD" (Carpinterias)
A104: Jornal Ayudante | C104: 1.2 Minimos | D104: =+D65*1.2 -> 43011.861
A105: Valor Real del Jornal | C105: 2.1477 | D105: =+D66*1.2 -> 92376.574
A106: Valor Total Hr Ayudante | D106: =+D67*1.2 -> 11547.072
A108: Jornal Oficial | C108: 2.1 Minimos | D108: =+D69*1.2 -> 75270.757
A109: Valor Real del Jornal | C109: 2.1059 | D109: =+D70*1.2 -> 158512.69
A110: Valor Total Hr Oficial | D110: =+D71*1.2 -> 19814.086
A112: Valor Dia Cuadrilla | D112: =+D109+D105 -> 250889.26 | G112: 203720.39
A113: Valor Hr Cuadrilla | D113: =+D110+D106 -> 31361.158 | G113: 25465.049
A115: CUADRILLA "EE" (Cableado Estructural)
A116: Jornal Ayudante | C116: 1.2 Minimos | D116: =+D65*1.3 -> 46596.183
A117: Valor Real del Jornal | C117: 2.1477 | D117: =+D66*1.3 -> 100074.62
A118: Valor Total Hr Ayudante | D118: =+D67*1.3 -> 12509.328
A120: Jornal Oficial | C120: 2.1 Minimos | D120: =+D69*1.3 -> 81543.32
A121: Valor Real del Jornal | C121: 2.1059 | D121: =+D70*1.3 -> 171722.08
A122: Valor Total Hr Oficial | D122: =+D71*1.3 -> 21465.26
A124: Valor Dia Cuadrilla | D124: =+D121+D117 -> 271796.7 | G124: 220697.09
A125: Valor Hr Cuadrilla | D125: =+D122+D118 -> 33974.587 | G125: 27587.136
...

Sheet CONCRETO PREMEZCLADO
A2: CONCRETO EL DORADO AÑO 2019 | H2: CONCRETO EL DORADO AÑO 2017
A3: CONCRETO | B3: PRECIO DE LISTA | C3: IVA (19%) | D3: TOTAL | H3: CONCRETO | I3: PRECIO DE LISTA | J3: IVA (19%) | K3: TOTAL
A4: MR50 | B4: 329570 | C4: =B4*19% -> 62618.3 | D4: =SUM(B4:C4) -> 392188.3 | H4: MR50 | I4: 346023 | J4: =I4*19% -> 65744.37 | K4: =SUM(I4:J4) -> 411767.37
A5: MR45 | B5: 326411 | C5: =B5*19% -> 62018.09 | D5: =SUM(B5:C5) -> 388429.09 | H5: MR45 | I5: 335798 | J5: =I5*19% -> 63801.62 | K5: =SUM(I5:J5) -> 399599.62
A6: MR43 | B6: 309430 | C6: =B6*19% -> 58791.7 | D6: =SUM(B6:C6) -> 368221.7 | H6: MR43 | I6: 332480 | J6: =I6*19% -> 63171.2 | K6: =SUM(I6:J6) -> 395651.2
A7: MR42 | B7: 305784 | C7: =B7*19% -> 58098.96 | D7: =SUM(B7:C7) -> 363882.96 | H7: MR42 | I7: 329182 | J7: =I7*19% -> 62544.58 | K7: =SUM(I7:J7) -> 391726.58
A8: MR42 ACEL 3 DIAS | B8: 320560 | C8: =B8*19% -> 60906.4 | D8: =SUM(B8:C8) -> 381466.4 | H8: MR42 ACEL 3 DIAS | I8: 342844 | J8: =I8*19% -> 65140.36 | K8: =SUM(I8:J8) -> 407984.36
A9: MR42 ACEL 7 DIAS | B9: 311581 | C9: =B9*19% -> 59200.39 | D9: =SUM(B9:C9) -> 370781.39 | H9: MR42 ACEL 7 DIAS | I9: 336414 | J9: =I9*19% -> 63918.66 | K9: =SUM(I9:J9) -> 400332.66
A10: MR41 | B10: 287766 | C10: =B10*19% -> 54675.54 | D10: =SUM(B10:C10) -> 342441.54
A11: 2000 PSI | B11: =266079 -> 266079 | C11: =B11*19% -> 50555.01 | D11: =SUM(B11:C11) -> 316634.01 | H11: 2000 PSI | I11: 267948 | J11: =I11*19% -> 50910.12 | K11: =SUM(I11:J11) -> 318858.12
A12: 2500 PSI | B12: 278854 | C12: =B12*19% -> 52982.26 | D12: =SUM(B12:C12) -> 331836.26 | H12: 2500 PSI | I12: 287863 | J12: =I12*19% -> 54693.97 | K12: =SUM(I12:J12) -> 342556.97
A13: 3000 PSI | B13: 290911 | C13: =B13*19% -> 55273.09 | D13: =SUM(B13:C13) -> 346184.09 | H13: 3000 PSI | I13: 307600 | J13: =I13*19% -> 58444 | K13: =SUM(I13:J13) -> 366044
A14: 3000 ACEL 3 DIAS | B14: 312065 | C14: =B14*19% -> 59292.35 | D14: =SUM(B14:C14) -> 371357.35
A15: 3000 ACEL 7 DIAS | B15: 301511 | C15: =B15*19% -> 57287.09 | D15: =SUM(B15:C15) -> 358798.09
A16: 3500 PSI | B16: 301973 | C16: =B16*19% -> 57374.87 | D16: =SUM(B16:C16) -> 359347.87 | H16: 3500 PSI | I16: 316277 | J16: =I16*19% -> 60092.63 | K16: =SUM(I16:J16) -> 376369.63
A17: 3500 ACEL 3 DIAS | B17: 323550 | C17: =B17*19% -> 61474.5 | D17: =SUM(B17:C17) -> 385024.5
A18: 3500 ACEL 7 DIAS | B18: 312785 | C18: =B18*19% -> 59429.15 | D18: =SUM(B18:C18) -> 372214.15
A19: 4000 PSI | B19: 313035 | C19: =B19*19% -> 59476.65 | D19: =SUM(B19:C19) -> 372511.65 | H19: 4000 PSI | I19: 323182 | J19: =I19*19% -> 61404.58 | K19: =SUM(I19:J19) -> 384586.58
A20: 4000 ACEL 3 DIAS | B20: 335045 | C20: =B20*19% -> 63658.55 | D20: =SUM(B20:C20) -> 398703.55
A21: 4000 ACEL 7 DIAS | B21: 324064 | C21: =B21*19% -> 61572.16 | D21: =SUM(B21:C21) -> 385636.16
A22: 4500 PSI | B22: 323687 | C22: =B22*19% -> 61500.53 | D22: =SUM(B22:C22) -> 385187.53 | H22: 4500 PSI | I22: 329798 | J22: =I22*19% -> 62661.62 | K22: =SUM(I22:J22) -> 392459.62
A23: 4500 ACEL 3 DIAS | B23: 346137 | C23: =B23*19% -> 65766.03 | D23: =SUM(B23:C23) -> 411903.03
A24: 4500 ACEL 7 DIAS | B24: 334938 | C24: =B24*19% -> 63638.22 | D24: =SUM(B24:C24) -> 398576.22
A25: 5000 PSI | B25: 334339 | C25: =B25*19% -> 63524.41 | D25: =SUM(B25:C25) -> 397863.41 | H25: 5000 PSI | I25: 336321 | J25: =I25*19% -> 63900.99 | K25: =SUM(I25:J25) -> 400221.99
A26: 5000 ACEL 3 DIAS | B26: 357240 | C26: =B26*19% -> 67875.6 | D26: =SUM(B26:C26) -> 425115.6
A27: 5000 ACEL 7 DIAS | B27: 345815 | C27: =B27*19% -> 65704.85 | D27: =SUM(B27:C27) -> 411519.85
A30: LISTA DE PRECIOS CONCRETERAS 2016
A32: CONCRETO | B32: CEMEX COLOMBIA | C32: CONCRETO EL DORADO | D32: SLM CONSTRUCCIONES S.A.S | E32: ARGOS
A33: Mod. Rotura | B33: PRECIO CON IVA | C33: PRECIO CON IVA | D33: PRECIO CON IVA | E33: PRECIO CON IVA
A34: 42 | B34: =416200*1.16 -> 482792 | C34: =329182*1.16 -> 381851.12 | D34: =315000*1.16 -> 365400 | E34: =346500*1.16 -> 401940
A35: 43 | B35: =426000*1.16 -> 494160 | C35: 389291 | D35: =320000*1.16 -> 371200 | E35: =355500*1.16 -> 412380
A36: 45 | B36: =438100*1.16 -> 508196 | C36: =339014*1.16 -> 393256.24 | D36: =332000*1.16 -> 385120 | E36: =364500*1.16 -> 422820
A37: 2000 PSI | B37: =320100*1.16 -> 371316 | C37: =267948*1.16 -> 310819.68 | D37: =265000*1.16 -> 307400 | E37: =250200*1.16 -> 290232
A38: 2500 PSI | B38: =332200*1.16 -> 385352 | C38: =287863*1.16 -> 333921.08 | D38: =268000*1.16 -> 310880 | E38: =269100*1.16 -> 312156
A39: 3000 PSI | B39: =344300*1.16 -> 399388 | C39: =310057*1.16 -> 359666.12 | D39: =275000*1.16 -> 319000 | E39: =288900*1.16 -> 335124
A40: 3500 PSI | B40: =357700*1.16 -> 414932 | C40: =316277*1.16 -> 366881.32 | D40: =280000*1.16 -> 324800 | E40: =294300*1.16 -> 341388
A41: 4000 PSI | B41: =371100*1.16 -> 430476 | C41: =323182*1.16 -> 374891.12 | D41: =286000*1.16 -> 331760 | E41: =312300*1.16 -> 362268
A43: RESISTENCIA ESPECIFICA A LOS 28 DIAS

Sheet TABLAS
A1: SECRETARÍA DE OBRAS PÚBLICAS
A2: TABLAS
A3: FECHA: ENERO DE 2020
A4: METRO CUBICO
A5: CANTIDAD DE ARENA, CEMENTO, BALASTO Y RESISTENCIAS QUE SE OBTIENEN
A6: MEZCLA | B6: CEMENTO | D6: ARENA | E6: BALASTO | F6: AGUA LITROS | H6: A LOS 24 DIAS
B7: KILOS | C7: SACOS | D7: M3 | E7: M3 | F7: Agr. Hum. | G7: Agr. Sec. | H7: KG/CM2 | I7: LB/IN2
A8: 1.2.2 | B8: 420 | C8: 8.5 | D8: 0.67 | E8: 0.67 | F8: 180 | G8: 200 | H8: 250 | I8: 3555
A9: 1. 2. 2 1/2 | B9: 380 | C9: 7.5 | D9: 0.600 | E9: 0.760 | F9: 170 | G9: 190 | H9: 240 | I9: 3400
A10: 1. 2. 3 | B10: 350 | C10: 7 | D10: 0.555 | E10: 0.835 | F10: 160 | G10: 180 | H10: 220 | I10: 3130
A11: 1. 2. 3 1/2 | B11: 320 | C11: 6.5 | D11: 0.515 | E11: 0.900 | F11: 160 | G11: 180 | H11: 210 | I11: 3000
A12: 1. 2. 4 | B12: 300 | C12: 6 | D12: 0.475 | E12: 0.950 | F12: 145 | G12: 170 | H12: 200 | I12: 2850
A13: 1. 2 1/2. 4 | B13: 280 | C13: 5.5 | D13: 0.555 | E13: 0.830 | F13: 145 | G13: 170 | H13: 190 | I13: 2700
A14: 1. 2 1/2. 4 1/2 | B14: 260 | C14: 5.25 | D14: 0.520 | E14: 0.940 | F14: 140 | G14: 160 | H14: 180 | I14: 2560
A15: 1. 3. 3 | B15: 300 | C15: 6 | D15: 0.715 | E15: 0.715 | F15: 145 | G15: 170 | H15: 170 | I15: 2400
A16: 1. 3. 4 | B16: 280 | C16: 5.25 | D16: 0.625 | E16: 0.825 | F16: 140 | G16: 165 | H16: 160 | I16: 2280
A17: 1. 3. 5 | B17: 230 | C17: 4.5 | D17: 0.555 | E17: 0.975 | F17: 135 | G17: 160 | H17: 140 | I17: 2000
A18: 1. 3. 6 | B18: 210 | C18: 4 | D18: 0.500 | E18: 1000 | F18: 130 | G18: 155 | H18: 120 | I18: 1700
A19: 1. 4. 7 | B19: 175 | C19: 3.5 | D19: 0.555 | E19: 0.975 | F19: 120 | G19: 145 | H19: 110 | I19: 1560
A20: 1. 4. 8 | B20: 160 | C20: 3.25 | D20: 0.655 | E20: 1025 | F20: 110 | G20: 140 | H20: 100 | I20: 1420
A23: Diámetro de la tubería Ancho de zanja (m) | E23: PULGADAS | F23: MILIMETROS | H23: EQUIVALENCIAS
A24: 75 a 200 mm (3" a 8") 0,60 | E24: 1/8" | F24: 2.5 | H24: MILIMETROS | I24: PULGADAS
A25: 250 y 300 mm (10" y 12") 0,70 | E25: 3/16" | F25: 4.5 | H25: 0.27mm | I25: Calibre 31
A26: 375 y 400 mm (15" y 16") 0,80 | E26: 1/4" | F26: 6 | H26: 0.31mm | I26: Calibre 30
A27: 450 mm (18") 0,90 | H27: 0.35mm | I27: Calibre 29
A28: 500 y 525 mm (20" y 21") 1,00 | H28: 0.45mm | I28: Calibre 26
A29: 600 mm (24") 1,10 | H29: 0.60mm | I29: Calibre 24
A30: 675 mm (27") 1,20 | H30: 0.70mm | I30: Calibre 22
A31: 750 mm (30") 1,30 | H31: 0.90mm | I31: Calibre 20
A32: 825 mm (33") 1,40 | H32: 1.20mm | I32: Calibre 18
A33: 900 mm (36") 1,50 | H33: 1.50mm | I33: Calibre16 | L33: 2.5
A34: 1000 mm (40") 1,80 | H34: 1.90mm | I34: Calibre 14
A36: En redes de Gas:
A37: Diámetro de la tubería Ancho de zanja (m)
A38: 20 mm a 180 mm 0,40
A39: 200 m a 315 mm 0,60
A40: Para diámetros mayores a los contemplados en estas tabla, el ancho de la zanja será igual al
A41: diámetro exterior de la tubería más 0,40 m a cada lado. Para las domiciliarias de acueducto y
A42: gas se utilizará un ancho de zanja de 0,40 m.
A43: El ancho de las excavaciones se incrementará cuando se requiera entibado de acuerdo con el
A44: espesor determinado para éste.
A45: Cuando se presenten derrumbes la Interventoría definirá el tipo de cimentación a utilizar de
A46: acuerdo con las nuevas condiciones de la zanja.
A47: 1.1.2. Profundidad de las Zanjas. Las zanjas para la colocación de las tuberías de redes de
... A62: respectivos.
A64: varilla # | B64: Area (cm2)
B65: Número de varillas
A66: # / 8 | B66: 1 | C66: 2 | D66: 3 | E66: 4 | F66: 5 | G66: 6 | H66: 7 | I66: 8 | J66: 9 | K66: 10
A67: 3 | B67: 0.71255739 | C67: 1.4251148 | D67: 2.1376722 | E67: 2.8502296 | F67: 3.562787 | G67: 4.2753444 | H67: 4.9879017 | I67: 5.7004591 | J67: 6.4130165 | K67: 7.1255739
A68: 4 | B68: 1.2667687 | C68: 2.5335374 | D68: 3.8003061 | E68: 5.0670748 | F68: 6.3338435 | G68: 7.6006122 | H68: 8.8673809 | I68: 10.13415 | J68: 11.400918 | K68: 12.667687
A69: 5 | B69: 1.9793261 | C69: 3.9586522 | D69: 5.9379783 | E69: 7.9173044 | F69: 9.8966305 | G69: 11.875957 | H69: 13.855283 | I69: 15.834609 | J69: 17.813935 | K69: 19.793261
A70: 6 | B70: 2.8502296 | C70: 5.7004591 | D70: 8.5506887 | E70: 11.400918 | F70: 14.251148 | G70: 17.101377 | H70: 19.951607 | I70: 22.801837 | J70: 25.652066 | K70: 28.502296
A71: 7 | B71: 3.8794791 | C71: 7.7589583 | D71: 11.638437 | E71: 15.517917 | F71: 19.397396 | G71: 23.276875 | H71: 27.156354 | I71: 31.035833 | J71: 34.915312 | K71: 38.794791
A72: 8 | B72: 5.0670748 | C72: 10.13415 | D72: 15.201224 | E72: 20.268299 | F72: 25.335374 | G72: 30.402449 | H72: 35.469524 | I72: 40.536598 | J72: 45.603673 | K72: 50.670748
A73: 9 | B73: 6.4130165 | C73: 12.826033 | D73: 19.23905 | E73: 25.652066 | F73: 32.065083 | G73: 38.478099 | H73: 44.891116 | I73: 51.304132 | J73: 57.717149 | K73: 64.130165
A74: 10 | B74: 7.9173044 | C74: 15.834609 | D74: 23.751913 | E74: 31.669217 | F74: 39.586522 | G74: 47.503826 | H74: 55.421131 | I74: 63.338435 | J74: 71.255739 | K74: 79.173044
A77: varilla # | B77: Peso (kg/m)
B78: Número de varillas (por mts)
A79: # / 8 | B79: 1 | C79: 2 | D79: 3 | E79: 4 | F79: 5 | G79: 6 | H79: 7 | I79: 8 | J79: 9 | K79: 10
A80: 2 | B80: 0.25 | C80: =C$79*B80 -> 0.5 | D80: =D$79*B80 -> 0.75 | E80: =E$79*B80 -> 1 | F80: =F$79*B80 -> 1.25 | G80: =G$79*B80 -> 1.5 | H80: =H$79*B80 -> 1.75 | I80: =I$79*B80 -> 2 | J80: =J$79*B80 -> 2.25 | K80: =K$79*B80 -> 2.5
A81: 3 | B81: 0.56 | C81: =C$79*B81 -> 1.12 | D81: =D$79*B81 -> 1.68 | E81: =E$79*B81 -> 2.24 | F81: =F$79*B81 -> 2.8 | G81: =G$79*B81 -> 3.36 | H81: =H$79*B81 -> 3.92 | I81: =I$79*B81 -> 4.48 | J81: =J$79*B81 -> 5.04 | K81: =K$79*B81 -> 5.6
A82: 4 | B82: 1 | C82: =C$79*B82 -> 2 | D82: =D$79*B82 -> 3 | E82: =E$79*B82 -> 4 | F82: =F$79*B82 -> 5 | G82: =G$79*B82 -> 6 | H82: =H$79*B82 -> 7 | I82: =I$79*B82 -> 8 | J82: =J$79*B82 -> 9 | K82: =K$79*B82 -> 10
A83: 5 | B83: 1.56 | C83: =C$79*B83 -> 3.12 | D83: =D$79*B83 -> 4.68 | E83: =E$79*B83 -> 6.24 | F83: =F$79*B83 -> 7.8 | G83: =G$79*B83 -> 9.36 | H83: =H$79*B83 -> 10.92 | I83: =I$79*B83 -> 12.48 | J83: =J$79*B83 -> 14.04 | K83: =K$79*B83 -> 15.6
A84: 6 | B84: 2.24 | C84: =C$79*B84 -> 4.48 | D84: =D$79*B84 -> 6.72 | E84: =E$79*B84 -> 8.96 | F84: =F$79*B84 -> 11.2 | G84: =G$79*B84 -> 13.44 | H84: =H$79*B84 -> 15.68 | I84: =I$79*B84 -> 17.92 | J84: =J$79*B84 -> 20.16 | K84: =K$79*B84 -> 22.4
A85: 7 | B85: 3.05 | C85: =C$79*B85 -> 6.1 | D85: =D$79*B85 -> 9.15 | E85: =E$79*B85 -> 12.2 | F85: =F$79*B85 -> 15.25 | G85: =G$79*B85 -> 18.3 | H85: =H$79*B85 -> 21.35 | I85: =I$79*B85 -> 24.4 | J85: =J$79*B85 -> 27.45 | K85: =K$79*B85 -> 30.5
A86: 8 | B86: 3.98 | C86: =C$79*B86 -> 7.96 | D86: =D$79*B86 -> 11.94 | E86: =E$79*B86 -> 15.92 | F86: =F$79*B86 -> 19.9 | G86: =G$79*B86 -> 23.88 | H86: =H$79*B86 -> 27.86 | I86: =I$79*B86 -> 31.84 | J86: =J$79*B86 -> 35.82 | K86: =K$79*B86 -> 39.8
A87: 9 | B87: 5.06 | C87: =C$79*B87 -> 10.12 | D87: =D$79*B87 -> 15.18 | E87: =E$79*B87 -> 20.24 | F87: =F$79*B87 -> 25.3 | G87: =G$79*B87 -> 30.36 | H87: =H$79*B87 -> 35.42 | I87: =I$79*B87 -> 40.48 | J87: =J$79*B87 -> 45.54 | K87: =K$79*B87 -> 50.6
A88: 10 | B88: 6.4 | C88: =C$79*B88 -> 12.8 | D88: =D$79*B88 -> 19.2 | E88: =E$79*B88 -> 25.6 | F88: =F$79*B88 -> 32 | G88: =G$79*B88 -> 38.4 | H88: =H$79*B88 -> 44.8 | I88: =I$79*B88 -> 51.2 | J88: =J$79*B88 -> 57.6 | K88: =K$79*B88 -> 64
A89: 11 | B89: 7.91 | C89: =C$79*B89 -> 15.82 | D89: =D$79*B89 -> 23.73 | E89: =E$79*B89 -> 31.64 | F89: =F$79*B89 -> 39.55 | G89: =G$79*B89 -> 47.46 | H89: =H$79*B89 -> 55.37 | I89: =I$79*B89 -> 63.28 | J89: =J$79*B89 -> 71.19 | K89: =K$79*B89 -> 79.1

Sheet IPC
A1: SECRETARÍA DE OBRAS PÚBLICAS
A2: Índice de precios al consumidor (IPC)
A3: Total nacional - Serie histórica para un rango de fechas dado
A5: Índice y variación porcentual mensual, año corrido y anual
A6: Información disponible desde julio de 1954
A7: base: diciembre 2008 = 100
A9: Año | B9: Mes | C9: IPC | D9: Variación mensual (%) | E9: Variación año corrido (%) | F9: Variación anual (%)
A10: 1954 | B10: Julio | C10: 0,03770
B11: Agosto | C11: 0,03742 | D11: -0,76% | E11: -0,76%
B12: Septiembre | C12: 0,03690 | D12: -1,37% | E12: -2,12%
B13: Octubre | C13: 0,03703 | D13: 0,34% | E13: -1,79%
B14: Noviembre | C14: 0,03713 | D14: 0,27% | E14: -1,52%
B15: Diciembre | C15: 0,03733 | D15: 0,54% | E15: -1,00%
A16: 1955 | B16: Enero | C16: 0,03726 | D16: -0,17% | E16: -0,17%
B17: Febrero | C17: 0,03724 | D17: -0,07% | E17: -0,23%
B18: Marzo | C18: 0,03739 | D18: 0,40% | E18: 0,17%
B19: Abril | C19: 0,03765 | D19: 0,70% | E19: 0,87%
B20: Mayo | C20: 0,03749 | D20: -0,43% | E20: 0,43%
B21: Junio | C21: 0,03746 | D21: -0,07% | E21: 0,37%
B22: Julio | C22: 0,03738 | D22: -0,23% | E22: 0,13% | F22: -0,87%
B23: Agosto | C23: 0,03741 | D23: 0,10% | E23: 0,23% | F23: -0,01%
B24: Septiembre | C24: 0,03721 | D24: -0,53% | E24: -0,30% | F24: 0,84%
B25: Octubre | C25: 0,03731 | D25: 0,27% | E25: -0,04% | F25: 0,77%
B26: Noviembre | C26: 0,03766 | D26: 0,94% | E26: 0,90% | F26: 1,44%
B27: Diciembre | C27: 0,03808 | D27: 1,12% | E27: 2,03% | F27: 2,03%
A28: 1956 | B28: Enero | C28: 0,03805 | D28: -0,10% | E28: -0,10% | F28: 2,10%
B29: Febrero | C29: 0,03820 | D29: 0,39% | E29: 0,29% | F29: 2,57%
B30: Marzo | C30: 0,03855 | D30: 0,91% | E30: 1,21% | F30: 3,10%
B31: Abril | C31: 0,03879 | D31: 0,65% | E31: 1,86% | F31: 3,04%
B32: Mayo | C32: 0,03908 | D32: 0,74% | E32: 2,62% | F32: 4,25%
B33: Junio | C33: 0,03944 | D33: 0,92% | E33: 3,56% | F33: 5,28%
B34: Julio | C34: 0,03975 | D34: 0,79% | E34: 4,38% | F34: 6,36%
B35: Agosto | C35: 0,03957 | D35: -0,47% | E35: 3,89% | F35: 5,76%
B36: Septiembre | C36: 0,03992 | D36: 0,88% | E36: 4,81% | F36: 7,26%
B37: Octubre | C37: 0,04041 | D37: 1,25% | E37: 6,11% | F37: 8,31%
B38: Noviembre | C38: 0,04099 | D38: 1,42% | E38: 7,62% | F38: 8,83%
B39: Diciembre | C39: 0,04110 | D39: 0,27% | E39: 7,91% | F39: 7,91%
A40: 1957 | B40: Enero | C40: 0,04158 | D40: 1,18% | E40: 1,18% | F40: 9,30%
B41: Febrero | C41: 0,04213 | D41: 1,32% | E41: 2,52% | F41: 10,30%
B42: Marzo | C42: 0,04287 | D42: 1,74% | E42: 4,30% | F42: 11,21%
B43: Abril | C43: 0,04382 | D43: 2,24% | E43: 6,64% | F43: 12,97%
B44: Mayo | C44: 0,04439 | D44: 1,28% | E44: 8,00% | F44: 13,58%
B45: Junio | C45: 0,04620 | D45: 4,10% | E45: 12,43% | F45: 17,15%
B46: Julio | C46: 0,04746 | D46: 2,72% | E46: 15,49% | F46: 19,39%
B47: Agosto | C47: 0,04805 | D47: 1,23% | E47: 16,91% | F47: 21,43%
B48: Septiembre | C48: 0,04827 | D48: 0,46% | E48: 17,45% | F48: 20,93%
B49: Octubre | C49: 0,04897 | D49: 1,44% | E49: 19,15% | F49: 21,17%
B50: Noviembre | C50: 0,04912 | D50: 0,31% | E50: 19,51% | F50: 19,84%
B51: Diciembre | C51: 0,04960 | D51: 0,99% | E51: 20,69% | F51: 20,69%
A52: 1958 | B52: Enero | C52: 0,04968 | D52: 0,15% | E52: 0,15% | F52: 19,46%
B53: Febrero | C53: 0,04974 | D53: 0,12% | E53: 0,28% | F53: 18,05%
B54: Marzo | C54: 0,05052 | D54: 1,58% | E54: 1,86% | F54: 17,86%
B55: Abril | C55: 0,05138 | D55: 1,70% | E55: 3,59% | F55: 17,24%
B56: Mayo | C56: 0,05240 | D56: 1,99% | E56: 5,65% | F56: 18,06%
B57: Junio | C57: 0,05263 | D57: 0,43% | E57: 6,10% | F57: 13,90%
B58: Julio | C58: 0,05268 | D58: 0,09% | E58: 6,20% | F58: 10,99%
B59: Agosto | C59: 0,05308 | D59: 0,76% | E59: 7,00% | F59: 10,47%
B60: Septiembre | C60: 0,05316 | D60: 0,16% | E60: 7,18% | F60: 10,14%
B61: Octubre | C61: 0,05334 | D61: 0,33% | E61: 7,53% | F61: 8,92%
B62: Noviembre | C62: 0,05331 | D62: -0,05% | E62: 7,48% | F62: 8,54%
B63: Diciembre | C63: 0,05356 | D63: 0,47% | E63: 7,98% | F63: 7,98%
A64: 1959 | B64: Enero | C64: 0,05438 | D64: 1,54% | E64: 1,54% | F64: 9,47%
B65: Febrero | C65: 0,05488 | D65: 0,92% | E65: 2,47% | F65: 10,34%
B66: Marzo | C66: 0,05512 | D66: 0,43% | E66: 2,91% | F66: 9,09%
B67: Abril | C67: 0,05599 | D67: 1,58% | E67: 4,54% | F67: 8,96%
B68: Mayo | C68: 0,05640 | D68: 0,73% | E68: 5,30% | F68: 7,62%
B69: Junio | C69: 0,05677 | D69: 0,66% | E69: 6,00% | F69: 7,87%
B70: Julio | C70: 0,05711 | D70: 0,59% | E70: 6,63% | F70: 8,41%
B71: Agosto | C71: 0,05721 | D71: 0,17% | E71: 6,81% | F71: 7,78%
B72: Septiembre | C72: 0,05701 | D72: -0,35% | E72: 6,44% | F72: 7,23%
B73: Octubre | C73: 0,05714 | D73: 0,24% | E73: 6,69% | F73: 7,14%
B74: Noviembre | C74: 0,05727 | D74: 0,22% | E74: 6,92% | F74: 7,42%
B75: Diciembre | C75: 0,05774 | D75: 0,83% | E75: 7,81% | F75: 7,81%
A76: 1960 | B76: Enero | C76: 0,05793 | D76: 0,32% | E76: 0,32% | F76: 6,52%
B77: Febrero | C77: 0,05775 | D77: -0,30% | E77: 0,02% | F77: 5,24%
B78: Marzo | C78: 0,05850 | D78: 1,29% | E78: 1,32% | F78: 6,14%
B79: Abril | C79: 0,05906 | D79: 0,96% | E79: 2,29% | F79: 5,49%
B80: Mayo | C80: 0,05951 | D80: 0,76% | E80: 3,06% | F80: 5,52%
B81: Junio | C81: 0,05957 | D81: 0,10% | E81: 3,17% | F81: 4,93%
B82: Julio | C82: 0,05984 | D82: 0,46% | E82: 3,64% | F82: 4,79%
B83: Agosto | C83: 0,06004 | D83: 0,33% | E83: 3,99% | F83: 4,96%
B84: Septiembre | C84: 0,06018 | D84: 0,23% | E84: 4,23% | F84: 5,57%
B85: Octubre | C85: 0,06064 | D85: 0,77% | E85: 5,02% | F85: 6,12%
B86: Noviembre | C86: 0,06135 | D86: 1,17% | E86: 6,25% | F86: 7,13%
B87: Diciembre | C87: 0,06199 | D87: 1,04% | E87: 7,35% | F87: 7,35%
A88: 1961 | B88: Enero | C88: 0,06232 | D88: 0,54% | E88: 0,54% | F88: 7,59%
B89: Febrero | C89: 0,06258 | D89: 0,42% | E89: 0,96% | F89: 8,36%
B90: Marzo | C90: 0,06359 | D90: 1,61% | E90: 2,59% | F90: 8,70%
B91: Abril | C91: 0,06489 | D91: 2,04% | E91: 4,68% | F91: 9,87%
B92: Mayo | C92: 0,06560 | D92: 1,10% | E92: 5,83% | F92: 10,23%
B93: Junio | C93: 0,06569 | D93: 0,13% | E93: 5,97% | F93: 10,27%
B94: Julio | C94: 0,06585 | D94: 0,24% | E94: 6,23% | F94: 10,03%
B95: Agosto | C95: 0,06509 | D95: -1,16% | E95: 5,00% | F95: 8,40%
B96: Septiembre | C96: 0,06467 | D96: -0,63% | E96: 4,34% | F96: 7,47%
B97: Octubre | C97: 0,06477 | D97: 0,15% | E97: 4,50% | F97: 6,81%
B98: Noviembre | C98: 0,06511 | D98: 0,52% | E98: 5,04% | F98: 6,13%
B99: Diciembre | C99: 0,06554 | D99: 0,67% | E99: 5,74% | F99: 5,74%
A100: 1962 | B100: Enero | C100: 0,06583 | D100: 0,44% | E100: 0,44% | F100: 5,63%
B101: Febrero | C101: 0,06589 | D101: 0,09% | E101: 0,53% | F101: 5,29%
B102: Marzo | C102: 0,06648 | D102: 0,89% | E102: 1,42% | F102: 4,54%
...

Sheet FACTOR MULTIPLICADOR
A1: SECRETARÍA DE OBRAS PÚBLICAS MUNICIPAL
A2: SOPM
A3: FACTOR MULTIPLICADOR | K3: IMPUESTOS MUNICIPALES ALCALDIA VALLEDUPAR
A4: DISCRIMINACION FACTOR MULTIPLICADOR PERSONAL PROFESIONAL Y TÉCNICO | J4: 1 | K4: ESTAMPILLA BIENESTAR ADULTO MAYOR | L4: 0.04
J5: 2 | K5: ESTAMPILLA PROCULTURA | L5: 0.02
A6: A. COSTO DIRECTOS | J6: 3 | K6: ESTAMPILLA PROUNICESAR | L6: 0.005
A7: A-1 SUELDOS | F7: 1 | J7: 4 | K7: INDUPAL | L7: 0.01
A8: A.2 PRESTACIONES SOCIALES | J8: 5 | K8: RETENCION A LA FUENTE | L8: 0.02
A9: a. | B9: Cesantías | E9: 0.084 | J9: 6 | K9: RETEICA | L9: 0.01
A10: b. | B10: Intereses sobre cesantías (12% anual) | E10: 0.01 | J10: 7 | K10: SEGURIDAD | L10: 0.05
B11: Prima de servicios | E11: 0
B12: Vacaciones (15 días hábiles 2/3x1/12x100) | E12: 0 | K12: IMPUESTOS DEPARTAMENTALES
A13: c. | B13: Subsidio familiar y Sena | E13: 0.06 | J13: 1 | K13: ESTAMPILLA PRODESARROLLO FRONTERIZO | L13: 0.015
B14: Capacitación Sena | E14: 0 | K14: TOTAL | L14: =SUM(L4:L13) -> 0.17
A15: d. | B15: I.C.B.F. | E15: 0.03
A16: e. | B16: Seguridad Social (salud + pensión) | E16: 0.133
B17: Indemnizaciones | E17: 0
B18: Servicios y drogas no cubiertos por el I.S.S. | E18: 0
B19: Incapacidades | E19: 0
A20: f. | B20: Dotación de uniformes | E20: 0.01
B21: Extras | E21: 0
A22: Sub-total prestaciones sociales | F22: =SUM(E9:E21) -> 0.327
A23: TOTAL COSTOS DIRECTOS (A) | G23: =F22+F7 -> 1.327
A25: B. COSTOS INDIRECTOS
A26: a. | B26: Gastos de personal técnico no facturable | D26: 0.08
A27: b. | B27: Gastos de administración | D27: 0.08
A28: c. | B28: Gastos de promoción e instalaciones (oficinas) | D28: 0.03
A29: d. | B29: Costos Financieros | D29: 0.038
A30: e. | B30: Gastos legales | D30: =SUM(E31:E36) -> 0.2005
B31: e.1 Impuestos oficiales | E31: 0.14
B32: e.2 Póliza de cumplimiento | E32: 0.003
B33: e.3 Póliza de anticipo | E33: 0.015
B34: e.4 Póliza salarios y prestaciones socales | E34: 0.0025
B35: e.5 Industria y comercio | E35: 0.003
B36: e.6 Calidad servicio | E36: 0.037
A37: Sub-total costos indirectos | F37: =SUM(D26:D30) -> 0.4285
A38: TOTAL COSTOS INDIRECTOS (B) | G38: =F37*G23 -> 0.5686195
A40: TOTAL COSTOS (A + B) | H40: =G38+G23 -> 1.8956195
A41: C. HONORARIOS | F41: 0.05 | H41: =H40*F41 -> 0.094780975
A43: D. TOTAL FACTOR | H43: =SUM(H40:H41) -> 1.9904005
A44: FACTOR MULTIPLICADOR | F44: =H43 -> 1.9904005

Sheet RES 747 TARIFAS PROF.
A1: ='LISTADO DE UNITARIOS'!A3:E3 -> OBJETO: ADECUACIÓNES Y MEJORAMIENTO LOCATIVO DE LOS CENTROS DE BIENESTAR DEL ADULTO MAYOR DE LA NEVADA Y LOS MAYALES, EN VALLEDUPAR,CESAR
A2: SOPM
A4: RESOLUCIÓN 747 DEL 9 MAR DE 1998.
A5: MINISTERIO DE TRANSPORTE
A6: "Por la cual se establecen los topes máximos para sueldos y demás gastos que se pueden pagar en los contratos de consultoría, por el SISTEMA DE COBRO DE COSTOS DIRECTOS MAS SUELDOS AFECTADOS POR UN MULTIPLICADOR"
A7: HISTÓRICO DE TARIFAS 1998 - 2017
B9: IPC | C9: 0.167 | D9: 0.0923 | E9: 0.0875 | F9: 0.0765 | G9: 0.0699 | H9: 0.0649 | I9: 0.055 | J9: 0.0485 | K9: 0.0448 | L9: 0.0569 | M9: 0.0767 | N9: 0.02 | O9: 0.0317 | P9: 0.0373 | Q9: 0.0244 | R9: 0.0194 | S9: 0.0366 | T9: 0.0677 | U9: 0.0575 | V9: 0.0409 | W9: 0.0318 | X9: 0.0301 | Y9: 0.038
B10: TARIFA DE | C10: 1998 | D10: 1999 | E10: 2000 | F10: 2001 | G10: 2002 | H10: 2003 | I10: 2004 | J10: 2005 | K10: 2006 | L10: 2007 | M10: 2008 | N10: 2009 | O10: 2010 | P10: 2011 | Q10: 2012 | R10: 2013 | S10: 2014 | T10: 2015 | U10: 2016 | V10: 2017 | W10: 2018 | X10: 2019 | Y10: 2020
A11: PERSONAL PROFESIONAL | B11: CATEGORIA 1 | C11: 3577000 | D11: =ROUND(C11*(1+C$9)/1000,0)*1000 -> 4174000 | E11: =ROUND(D11*(1+D$9)/1000,0)*1000 -> 4559000 | F11: =ROUND(E11*(1+E$9)/1000,0)*1000 -> 4958000 | G11: =ROUND(F11*(1+F$9)/1000,0)*1000 -> 5337000 | H11: =ROUND(G11*(1+G$9)/1000,0)*1000 -> 5710000 | I11: =ROUND(H11*(1+H$9)/1000,0)*1000 -> 6081000 | J11: =ROUND(I11*(1+I$9)/1000,0)*1000 -> 6415000 | K11: =ROUND(J11*(1+J$9)/1000,0)*1000 -> 6726000 | ... Y11: =ROUND(X11*(1+X$9)/1000,0)*1000 -> 11804000
B12: CATEGORIA 2 | C12: 2726000 | D12: =ROUND(C12*(1+$C$9)/1000,0)*1000 -> 3181000 | E12: =ROUND(D12*(1+D$9)/1000,0)*1000 -> 3475000 | F12: =ROUND(E12*(1+E$9)/1000,0)*1000 -> 3779000 | G12: =ROUND(F12*(1+F$9)/1000,0)*1000 -> 4068000 | H12: =ROUND(G12*(1+G$9)/1000,0)*1000 -> 4352000 | I12: =ROUND(H12*(1+H$9)/1000,0)*1000 -> 4634000 | J12: =ROUND(I12*(1+I$9)/1000,0)*1000 -> 4889000 | K12: =ROUND(J12*(1+J$9)/1000,0)*1000 -> 5126000 | L12: =ROUND(K12*(1+K$9)/1000,0)*1000 -> 5356000 | ... Y12: =ROUND(X12*(1+X$9)/1000,0)*1000 -> 8996000
B13: CATEGORIA 3 | C13: 2300000 | D13: =ROUND(C13*(1+$C$9)/1000,0)*1000 -> 2684000 | E13: =ROUND(D13*(1+D$9)/1000,0)*1000 -> 2932000 | F13: =ROUND(E13*(1+E$9)/1000,0)*1000 -> 3189000 | G13: =ROUND(F13*(1+F$9)/1000,0)*1000 -> 3433000 | H13: =ROUND(G13*(1+G$9)/1000,0)*1000 -> 3673000 | I13: =ROUND(H13*(1+H$9)/1000,0)*1000 -> 3911000 | J13: =ROUND(I13*(1+I$9)/1000,0)*1000 -> 4126000 | K13: =ROUND(J13*(1+J$9)/1000,0)*1000 -> 4326000 | L13: =ROUND(K13*(1+K$9)/1000,0)*1000 -> 4520000 | ... Y13: =ROUND(X13*(1+X$9)/1000,0)*1000 -> 7592000
B14: CATEGORIA 4 | C14: 1959000 | D14: =ROUND(C14*(1+$C$9)/1000,0)*1000 -> 2286000 | E14: =ROUND(D14*(1+D$9)/1000,0)*1000 -> 2497000 | F14: =ROUND(E14*(1+E$9)/1000,0)*1000 -> 2715000 | G14: =ROUND(F14*(1+F$9)/1000,0)*1000 -> 2923000 | H14: =ROUND(G14*(1+G$9)/1000,0)*1000 -> 3127000 | I14: =ROUND(H14*(1+H$9)/1000,0)*1000 -> 3330000 | J14: =ROUND(I14*(1+I$9)/1000,0)*1000 -> 3513000 | K14: =ROUND(J14*(1+J$9)/1000,0)*1000 -> 3683000 | L14: =ROUND(K14*(1+K$9)/1000,0)*1000 -> 3848000 | ... Y14: =ROUND(X14*(1+X$9)/1000,0)*1000 -> 6465000
B15: CATEGORIA 5 | C15: 1767000 | D15: =ROUND(C15*(1+$C$9)/1000,0)*1000 -> 2062000 | E15: =ROUND(D15*(1+D$9)/1000,0)*1000 -> 2252000 | F15: =ROUND(E15*(1+E$9)/1000,0)*1000 -> 2449000 | G15: =ROUND(F15*(1+F$9)/1000,0)*1000 -> 2636000 | H15: =ROUND(G15*(1+G$9)/1000,0)*1000 -> 2820000 | I15: =ROUND(H15*(1+H$9)/1000,0)*1000 -> 3003000 | J15: =ROUND(I15*(1+I$9)/1000,0)*1000 -> 3168000 | K15: =ROUND(J15*(1+J$9)/1000,0)*1000 -> 3322000 | L15: =ROUND(K15*(1+K$9)/1000,0)*1000 -> 3471000 | ... Y15: =ROUND(X15*(1+X$9)/1000,0)*1000 -> 5830000
B16: CATEGORIA 6 | C16: 1576000 | D16: =ROUND(C16*(1+$C$9)/1000,0)*1000 -> 1839000 | E16: =ROUND(D16*(1+D$9)/1000,0)*1000 -> 2009000 | F16: =ROUND(E16*(1+E$9)/1000,0)*1000 -> 2185000 | G16: =ROUND(F16*(1+F$9)/1000,0)*1000 -> 2352000 | H16: =ROUND(G16*(1+G$9)/1000,0)*1000 -> 2516000 | I16: =ROUND(H16*(1+H$9)/1000,0)*1000 -> 2679000 | J16: =ROUND(I16*(1+I$9)/1000,0)*1000 -> 2826000 | K16: =ROUND(J16*(1+J$9)/1000,0)*1000 -> 2963000 | L16: =ROUND(K16*(1+K$9)/1000,0)*1000 -> 3096000 | ... Y16: =ROUND(X16*(1+X$9)/1000,0)*1000 -> 5200000
B17: CATEGORIA 7 | C17: 1192000 | D17: =ROUND(C17*(1+$C$9)/1000,0)*1000 -> 1391000 | E17: =ROUND(D17*(1+D$9)/1000,0)*1000 -> 1519000 | F17: =ROUND(E17*(1+E$9)/1000,0)*1000 -> 1652000 | G17: =ROUND(F17*(1+F$9)/1000,0)*1000 -> 1778000 | H17: =ROUND(G17*(1+G$9)/1000,0)*1000 -> 1902000 | I17: =ROUND(H17*(1+H$9)/1000,0)*1000 -> 2025000 | J17: =ROUND(I17*(1+I$9)/1000,0)*1000 -> 2136000 | K17: =ROUND(J17*(1+J$9)/1000,0)*1000 -> 2240000 | L17: =ROUND(K17*(1+K$9)/1000,0)*1000 -> 2340000 | ... Y17: =ROUND(X17*(1+X$9)/1000,0)*1000 -> 3931000
B18: CATEGORIA 8 | C18: 1124000 | D18: =ROUND(C18*(1+$C$9)/1000,0)*1000 -> 1312000 | E18: =ROUND(D18*(1+D$9)/1000,0)*1000 -> 1433000 | F18: =ROUND(E18*(1+E$9)/1000,0)*1000 -> 1558000 | G18: =ROUND(F18*(1+F$9)/1000,0)*1000 -> 1677000 | H18: =ROUND(G18*(1+G$9)/1000,0)*1000 -> 1794000 | I18: =ROUND(H18*(1+H$9)/1000,0)*1000 -> 1910000 | J18: =ROUND(I18*(1+I$9)/1000,0)*1000 -> 2015000 | K18: =ROUND(J18*(1+J$9)/1000,0)*1000 -> 2113000 | L18: =ROUND(K18*(1+K$9)/1000,0)*1000 -> 2208000 | ... Y18: =ROUND(X18*(1+X$9)/1000,0)*1000 -> 3709000
A20: PERSONAL TECNICO | B20: Tecnólogo en áreas de Ingeniería | C20: 738000 | D20: =ROUND(C20*(1+C$9)/1000,0)*1000 -> 861000 | E20: =ROUND(D20*(1+D$9)/1000,0)*1000 -> 940000 | F20: =ROUND(E20*(1+E$9)/1000,0)*1000 -> 1022000 | G20: =ROUND(F20*(1+F$9)/1000,0)*1000 -> 1100000 | H20: =ROUND(G20*(1+G$9)/1000,0)*1000 -> 1177000 | I20: =ROUND(H20*(1+H$9)/1000,0)*1000 -> 1253000 | J20: =ROUND(I20*(1+I$9)/1000,0)*1000 -> 1322000 | K20: =ROUND(J20*(1+J$9)/1000,0)*1000 -> 1386000 | ... Y20: =ROUND(X20*(1+X$9)/1000,0)*1000 -> 2433000
B21: Auxiliar de Ingeniería | C21: 648000 | D21: =ROUND(C21*(1+C$9)/1000,0)*1000 -> 756000 | E21: =ROUND(D21*(1+D$9)/1000,0)*1000 -> 826000 | F21: =ROUND(E21*(1+E$9)/1000,0)*1000 -> 898000 | G21: =ROUND(F21*(1+F$9)/1000,0)*1000 -> 967000 | H21: =ROUND(G21*(1+G$9)/1000,0)*1000 -> 1035000 | I21: =ROUND(H21*(1+H$9)/1000,0)*1000 -> 1102000 | J21: =ROUND(I21*(1+I$9)/1000,0)*1000 -> 1163000 | K21: =ROUND(J21*(1+J$9)/1000,0)*1000 -> 1219000 | ... Y21: =ROUND(X21*(1+X$9)/1000,0)*1000 -> 2138000
B22: Dibujante 1 | C22: 680000 | D22: =ROUND(C22*(1+C$9)/1000,0)*1000 -> 794000 | E22: =ROUND(D22*(1+D$9)/1000,0)*1000 -> 867000 | F22: =ROUND(E22*(1+E$9)/1000,0)*1000 -> 943000 | G22: =ROUND(F22*(1+F$9)/1000,0)*1000 -> 1015000 | H22: =ROUND(G22*(1+G$9)/1000,0)*1000 -> 1086000 | I22: =ROUND(H22*(1+H$9)/1000,0)*1000 -> 1156000 | J22: =ROUND(I22*(1+I$9)/1000,0)*1000 -> 1220000 | K22: =ROUND(J22*(1+J$9)/1000,0)*1000 -> 1279000 | ... Y22: =ROUND(X22*(1+X$9)/1000,0)*1000 -> 2243000
B23: Dibujante 2 | C23: 550000 | D23: =ROUND(C23*(1+C$9)/1000,0)*1000 -> 642000 | E23: =ROUND(D23*(1+D$9)/1000,0)*1000 -> 701000 | F23: =ROUND(E23*(1+E$9)/1000,0)*1000 -> 762000 | G23: =ROUND(F23*(1+F$9)/1000,0)*1000 -> 820000 | H23: =ROUND(G23*(1+G$9)/1000,0)*1000 -> 877000 | I23: =ROUND(H23*(1+H$9)/1000,0)*1000 -> 934000 | J23: =ROUND(I23*(1+I$9)/1000,0)*1000 -> 985000 | K23: =ROUND(J23*(1+J$9)/1000,0)*1000 -> 1033000 | ... Y23: =ROUND(X23*(1+X$9)/1000,0)*1000 -> 1812000
B24: Topógrafo Inspector | C24: 767000 | D24: =ROUND(C24*(1+C$9)/1000,0)*1000 -> 895000 | E24: =ROUND(D24*(1+D$9)/1000,0)*1000 -> 978000 | F24: =ROUND(E24*(1+E$9)/1000,0)*1000 -> 1064000 | G24: =ROUND(F24*(1+F$9)/1000,0)*1000 -> 1145000 | H24: =ROUND(G24*(1+G$9)/1000,0)*1000 -> 1225000 | I24: =ROUND(H24*(1+H$9)/1000,0)*1000 -> 1305000 | J24: =ROUND(I24*(1+I$9)/1000,0)*1000 -> 1377000 | K24: =ROUND(J24*(1+J$9)/1000,0)*1000 -> 1444000 | ... Y24: =ROUND(X24*(1+X$9)/1000,0)*1000 -> 2535000
B25: Topógrafo Auxiliar | C25: 630000 | D25: =ROUND(C25*(1+C$9)/1000,0)*1000 -> 735000 | E25: =ROUND(D25*(1+D$9)/1000,0)*1000 -> 803000 | F25: =ROUND(E25*(1+E$9)/1000,0)*1000 -> 873000 | G25: =ROUND(F25*(1+F$9)/1000,0)*1000 -> 940000 | H25: =ROUND(G25*(1+G$9)/1000,0)*1000 -> 1006000 | I25: =ROUND(H25*(1+H$9)/1000,0)*1000 -> 1071000 | J25: =ROUND(I25*(1+I$9)/1000,0)*1000 -> 1130000 | K25: =ROUND(J25*(1+J$9)/1000,0)*1000 -> 1185000 | ... Y25: =ROUND(X25*(1+X$9)/1000,0)*1000 -> 2080000
B26: Batimetrista Inspector | C26: 767000 | D26: =ROUND(C26*(1+C$9)/1000,0)*1000 -> 895000 | E26: =ROUND(D26*(1+D$9)/1000,0)*1000 -> 978000 | F26: =ROUND(E26*(1+E$9)/1000,0)*1000 -> 1064000 | G26: =ROUND(F26*(1+F$9)/1000,0)*1000 -> 1145000 | H26: =ROUND(G26*(1+G$9)/1000,0)*1000 -> 1225000 | I26: =ROUND(H26*(1+H$9)/1000,0)*1000 -> 1305000 | J26: =ROUND(I26*(1+I$9)/1000,0)*1000 -> 1377000 | K26: =ROUND(J26*(1+J$9)/1000,0)*1000 -> 1444000 | ... Y26: =ROUND(X26*(1+X$9)/1000,0)*1000 -> 2535000
B27: Batimetrista Auxiliar | C27: 630000 | D27: =ROUND(C27*(1+C$9)/1000,0)*1000 -> 735000 | E27: =ROUND(D27*(1+D$9)/1000,0)*1000 -> 803000 | F27: =ROUND(E27*(1+E$9)/1000,0)*1000 -> 873000 | G27: =ROUND(F27*(1+F$9)/1000,0)*1000 -> 940000 | H27: =ROUND(G27*(1+G$9)/1000,0)*1000 -> 1006000 | I27: =ROUND(H27*(1+H$9)/1000,0)*1000 -> 1071000 | J27: =ROUND(I27*(1+I$9)/1000,0)*1000 -> 1130000 | K27: =ROUND(J27*(1+J$9)/1000,0)*1000 -> 1185000 | ... Y27: =ROUND(X27*(1+X$9)/1000,0)*1000 -> 2080000
B28: Laboratorista Inspector | C28: 681000 | D28: =ROUND(C28*(1+C$9)/1000,0)*1000 -> 795000 | E28: =ROUND(D28*(1+D$9)/1000,0)*1000 -> 868000 | F28: =ROUND(E28*(1+E$9)/1000,0)*1000 -> 944000 | G28: =ROUND(F28*(1+F$9)/1000,0)*1000 -> 1016000 | H28: =ROUND(G28*(1+G$9)/1000,0)*1000 -> 1087000 | I28: =ROUND(H28*(1+H$9)/1000,0)*1000 -> 1158000 | J28: =ROUND(I28*(1+I$9)/1000,0)*1000 -> 1222000 | K28: =ROUND(J28*(1+J$9)/1000,0)*1000 -> 1281000 | ... Y28: =ROUND(X28*(1+X$9)/1000,0)*1000 -> 2247000
B29: Laboratorista Auxiliar | C29: 477000 | D29: =ROUND(C29*(1+C$9)/1000,0)*1000 -> 557000 | E29: =ROUND(D29*(1+D$9)/1000,0)*1000 -> 608000 | F29: =ROUND(E29*(1+E$9)/1000,0)*1000 -> 661000 | G29: =ROUND(F29*(1+F$9)/1000,0)*1000 -> 712000 | H29: =ROUND(G29*(1+G$9)/1000,0)*1000 -> 762000 | I29: =ROUND(H29*(1+H$9)/1000,0)*1000 -> 811000 | J29: =ROUND(I29*(1+I$9)/1000,0)*1000 -> 856000 | K29: =ROUND(J29*(1+J$9)/1000,0)*1000 -> 898000 | ... Y29: =ROUND(X29*(1+X$9)/1000,0)*1000 -> 1572000
B30: Operador Equipo de Perforación | C30: 613000 | D30: =ROUND(C30*(1+C$9)/1000,0)*1000 -> 715000 | E30: =ROUND(D30*(1+D$9)/1000,0)*1000 -> 781000 | F30: =ROUND(E30*(1+E$9)/1000,0)*1000 -> 849000 | G30: =ROUND(F30*(1+F$9)/1000,0)*1000 -> 914000 | H30: =ROUND(G30*(1+G$9)/1000,0)*1000 -> 978000 | I30: =ROUND(H30*(1+H$9)/1000,0)*1000 -> 1041000 | J30: =ROUND(I30*(1+I$9)/1000,0)*1000 -> 1098000 | K30: =ROUND(J30*(1+J$9)/1000,0)*1000 -> 1151000 | ... Y30: =ROUND(X30*(1+X$9)/1000,0)*1000 -> 2018000
B31: Operador Auxiliar de Equipo | C31: 409000 | D31: =ROUND(C31*(1+C$9)/1000,0)*1000 -> 477000 | E31: =ROUND(D31*(1+D$9)/1000,0)*1000 -> 521000 | F31: =ROUND(E31*(1+E$9)/1000,0)*1000 -> 567000 | G31: =ROUND(F31*(1+F$9)/1000,0)*1000 -> 610000 | H31: =ROUND(G31*(1+G$9)/1000,0)*1000 -> 653000 | I31: =ROUND(H31*(1+H$9)/1000,0)*1000 -> 695000 | J31: =ROUND(I31*(1+I$9)/1000,0)*1000 -> 733000 | K31: =ROUND(J31*(1+J$9)/1000,0)*1000 -> 769000 | ... Y31: =ROUND(X31*(1+X$9)/1000,0)*1000 -> 1348000
B32: Inspector 1 | C32: 560000 | D32: =ROUND(C32*(1+C$9)/1000,0)*1000 -> 654000 | E32: =ROUND(D32*(1+D$9)/1000,0)*1000 -> 714000 | F32: =ROUND(E32*(1+E$9)/1000,0)*1000 -> 776000 | G32: =ROUND(F32*(1+F$9)/1000,0)*1000 -> 835000 | H32: =ROUND(G32*(1+G$9)/1000,0)*1000 -> 893000 | I32: =ROUND(H32*(1+H$9)/1000,0)*1000 -> 951000 | J32: =ROUND(I32*(1+I$9)/1000,0)*1000 -> 1003000 | K32: =ROUND(J32*(1+J$9)/1000,0)*1000 -> 1052000 | ... Y32: =ROUND(X32*(1+X$9)/1000,0)*1000 -> 1845000
B33: Inspector 2 | C33: 505000 | D33: =ROUND(C33*(1+C$9)/1000,0)*1000 -> 589000 | E33: =ROUND(D33*(1+D$9)/1000,0)*1000 -> 643000 | F33: =ROUND(E33*(1+E$9)/1000,0)*1000 -> 699000 | G33: =ROUND(F33*(1+F$9)/1000,0)*1000 -> 752000 | H33: =ROUND(G33*(1+G$9)/1000,0)*1000 -> 805000 | I33: =ROUND(H33*(1+H$9)/1000,0)*1000 -> 857000 | J33: =ROUND(I33*(1+I$9)/1000,0)*1000 -> 904000 | K33: =ROUND(J33*(1+J$9)/1000,0)*1000 -> 948000 | ... Y33: =ROUND(X33*(1+X$9)/1000,0)*1000 -> 1662000
A35: PERSONAL ADMINISTRATIVO | B35: Administrador | C35: 715000 | D35: =ROUND(C35*(1+C$9)/1000,0)*1000 -> 834000 | E35: =ROUND(D35*(1+D$9)/1000,0)*1000 -> 911000 | F35: =ROUND(E35*(1+E$9)/1000,0)*1000 -> 991000 | G35: =ROUND(F35*(1+F$9)/1000,0)*1000 -> 1067000 | H35: =ROUND(G35*(1+G$9)/1000,0)*1000 -> 1142000 | I35: =ROUND(H35*(1+H$9)/1000,0)*1000 -> 1216000 | J35: =ROUND(I35*(1+I$9)/1000,0)*1000 -> 1283000 | K35: =ROUND(J35*(1+J$9)/1000,0)*1000 -> 1345000 | ... Y35: =ROUND(X35*(1+X$9)/1000,0)*1000 -> 2362000
B36: Auxiliar Administrativo | C36: 511000 | D36: =ROUND(C36*(1+C$9)/1000,0)*1000 -> 596000 | E36: =ROUND(D36*(1+D$9)/1000,0)*1000 -> 651000 | F36: =ROUND(E36*(1+E$9)/1000,0)*1000 -> 708000 | G36: =ROUND(F36*(1+F$9)/1000,0)*1000 -> 762000 | H36: =ROUND(G36*(1+G$9)/1000,0)*1000 -> 815000 | I36: =ROUND(H36*(1+H$9)/1000,0)*1000 -> 868000 | J36: =ROUND(I36*(1+I$9)/1000,0)*1000 -> 916000 | K36: =ROUND(J36*(1+J$9)/1000,0)*1000 -> 960000 | ... Y36: =ROUND(X36*(1+X$9)/1000,0)*1000 -> 1684000
B37: Secretaria 1 | C37: 415000 | D37: =ROUND(C37*(1+C$9)/1000,0)*1000 -> 484000 | E37: =ROUND(D37*(1+D$9)/1000,0)*1000 -> 529000 | F37: =ROUND(E37*(1+E$9)/1000,0)*1000 -> 575000 | G37: =ROUND(F37*(1+F$9)/1000,0)*1000 -> 619000 | H37: =ROUND(G37*(1+G$9)/1000,0)*1000 -> 662000 | I37: =ROUND(H37*(1+H$9)/1000,0)*1000 -> 705000 | J37: =ROUND(I37*(1+I$9)/1000,0)*1000 -> 744000 | K37: =ROUND(J37*(1+J$9)/1000,0)*1000 -> 780000 | ... Y37: =ROUND(X37*(1+X$9)/1000,0)*1000 -> 1369000
B38: Secretaria 2 | C38: 345000 | D38: =ROUND(C38*(1+C$9)/1000,0)*1000 -> 403000 | E38: =ROUND(D38*(1+D$9)/1000,0)*1000 -> 440000 | F38: =ROUND(E38*(1+E$9)/1000,0)*1000 -> 479000 | G38: =ROUND(F38*(1+F$9)/1000,0)*1000 -> 516000 | H38: =ROUND(G38*(1+G$9)/1000,0)*1000 -> 552000 | I38: =ROUND(H38*(1+H$9)/1000,0)*1000 -> 588000 | J38: =ROUND(I38*(1+I$9)/1000,0)*1000 -> 620000 | K38: =ROUND(J38*(1+J$9)/1000,0)*1000 -> 650000 | ... Y38: =ROUND(X38*(1+X$9)/1000,0)*1000 -> 1140000
A40: PERSONAL AUXILIAR TECNICO | B40: Cadenero 1 | C40: 477000 | D40: =ROUND(C40*(1+C$9)/1000,0)*1000 -> 557000 | E40: =ROUND(D40*(1+D$9)/1000,0)*1000 -> 608000 | F40: =ROUND(E40*(1+E$9)/1000,0)*1000 -> 661000 | G40: =ROUND(F40*(1+F$9)/1000,0)*1000 -> 712000 | H40: =ROUND(G40*(1+G$9)/1000,0)*1000 -> 762000 | I40: =ROUND(H40*(1+H$9)/1000,0)*1000 -> 811000 | J40: =ROUND(I40*(1+I$9)/1000,0)*1000 -> 856000 | K40: =ROUND(J40*(1+J$9)/1000,0)*1000 -> 898000 | ... Y40: =ROUND(X40*(1+X$9)/1000,0)*1000 -> 1572000
B41: Cadenero 2 | C41: 415000 | D41: =ROUND(C41*(1+C$9)/1000,0)*1000 -> 484000 | E41: =ROUND(D41*(1+D$9)/1000,0)*1000 -> 529000 | F41: =ROUND(E41*(1+E$9)/1000,0)*1000 -> 575000 | G41: =ROUND(F41*(1+F$9)/1000,0)*1000 -> 619000 | H41: =ROUND(G41*(1+G$9)/1000,0)*1000 -> 662000 | I41: =ROUND(H41*(1+H$9)/1000,0)*1000 -> 705000 | J41: =ROUND(I41*(1+I$9)/1000,0)*1000 -> 744000 | K41: =ROUND(J41*(1+J$9)/1000,0)*1000 -> 780000 | ... Y41: =ROUND(X41*(1+X$9)/1000,0)*1000 -> 1369000
B42: Secretaria o Motorista | C42: 345000 | D42: =ROUND(C42*(1+C$9)/1000,0)*1000 -> 403000 | E42: =ROUND(D42*(1+D$9)/1000,0)*1000 -> 440000 | F42: =ROUND(E42*(1+E$9)/1000,0)*1000 -> 479000 | G42: =ROUND(F42*(1+F$9)/1000,0)*1000 -> 516000 | H42: =ROUND(G42*(1+G$9)/1000,0)*1000 -> 552000 | I42: =ROUND(H42*(1+H$9)/1000,0)*1000 -> 588000 | J42: =ROUND(I42*(1+I$9)/1000,0)*1000 -> 620000 | K42: =ROUND(J42*(1+J$9)/1000,0)*1000 -> 650000 | ... Y42: =ROUND(X42*(1+X$9)/1000,0)*1000 -> 1140000
A44: Campero, Pick-Up, Camioneta, Camión o similar. | B44: 1300-2000
B45: Costo Diario | C45: 60000 | D45: =ROUND(C45*(1+C$9)/1000,0)*1000 -> 70000 | E45: =ROUND(D45*(1+D$9)/1000,0)*1000 -> 76000 | F45: =ROUND(E45*(1+E$9)/1000,0)*1000 -> 83000 | G45: =ROUND(F45*(1+F$9)/1000,0)*1000 -> 89000 | H45: =ROUND(G45*(1+G$9)/1000,0)*1000 -> 95000 | I45: =ROUND(H45*(1+H$9)/1000,0)*1000 -> 101000 | J45: =ROUND(I45*(1+I$9)/1000,0)*1000 -> 107000 | K45: =ROUND(J45*(1+J$9)/1000,0)*1000 -> 112000 | ... Y45: =ROUND(X45*(1+X$9)/1000,0)*1000 -> 199000
B46: Costo Mensual | C46: =C45*30 -> 1800000 | D46: =ROUND(C46*(1+C$9)/1000,0)*1000 -> 2101000 | E46: =ROUND(D46*(1+D$9)/1000,0)*1000 -> 2295000 | F46: =ROUND(E46*(1+E$9)/1000,0)*1000 -> 2496000 | G46: =ROUND(F46*(1+F$9)/1000,0)*1000 -> 2687000 | H46: =ROUND(G46*(1+G$9)/1000,0)*1000 -> 2875000 | I46: =ROUND(H46*(1+H$9)/1000,0)*1000 -> 3062000 | J46: =ROUND(I46*(1+I$9)/1000,0)*1000 -> 3230000 | K46: =ROUND(J46*(1+J$9)/1000,0)*1000 -> 3387000 | ... Y46: =ROUND(X46*(1+X$9)/1000,0)*1000 -> 5944000
B47: > 2000
B48: Costo Diario | C48: 86000 | D48: =ROUND(C48*(1+C$9)/1000,0)*1000 -> 100000 | E48: =ROUND(D48*(1+D$9)/1000,0)*1000 -> 109000 | F48: =ROUND(E48*(1+E$9)/1000,0)*1000 -> 119000 | G48: =ROUND(F48*(1+F$9)/1000,0)*1000 -> 128000 | H48: =ROUND(G48*(1+G$9)/1000,0)*1000 -> 137000 | I48: =ROUND(H48*(1+H$9)/1000,0)*1000 -> 146000 | J48: =ROUND(I48*(1+I$9)/1000,0)*1000 -> 154000 | K48: =ROUND(J48*(1+J$9)/1000,0)*1000 -> 161000 | ... Y48: =ROUND(X48*(1+X$9)/1000,0)*1000 -> 282000
B49: Costo Mensual | C49: 2580000 | D49: =ROUND(C49*(1+C$9)/1000,0)*1000 -> 3011000 | E49: =ROUND(D49*(1+D$9)/1000,0)*1000 -> 3289000 | F49: =ROUND(E49*(1+E$9)/1000,0)*1000 -> 3577000 | G49: =ROUND(F49*(1+F$9)/1000,0)*1000 -> 3851000 | H49: =ROUND(G49*(1+G$9)/1000,0)*1000 -> 4120000 | I49: =ROUND(H49*(1+H$9)/1000,0)*1000 -> 4387000 | J49: =ROUND(I49*(1+I$9)/1000,0)*1000 -> 4628000 | K49: =ROUND(J49*(1+J$9)/1000,0)*1000 -> 4852000 | ... Y49: =ROUND(X49*(1+X$9)/1000,0)*1000 -> 8513000
A51: Vehiculos con capacidad de carga de 3 Ton o más | B51: Costo Diario | C51: 117000 | D51: =ROUND(C51*(1+C$9)/1000,0)*1000 -> 137000 | E51: =ROUND(D51*(1+D$9)/1000,0)*1000 -> 150000 | F51: =ROUND(E51*(1+E$9)/1000,0)*1000 -> 163000 | G51: =ROUND(F51*(1+F$9)/1000,0)*1000 -> 175000 | H51: =ROUND(G51*(1+G$9)/1000,0)*1000 -> 187000 | I51: =ROUND(H51*(1+H$9)/1000,0)*1000 -> 199000 | J51: =ROUND(I51*(1+I$9)/1000,0)*1000 -> 210000 | K51: =ROUND(J51*(1+J$9)/1000,0)*1000 -> 220000 | ... Y51: =ROUND(X51*(1+X$9)/1000,0)*1000 -> 386000
B52: Costo Mensual | C52: 3510000 | D52: =ROUND(C52*(1+C$9)/1000,0)*1000 -> 4096000 | E52: =ROUND(D52*(1+D$9)/1000,0)*1000 -> 4474000 | F52: =ROUND(E52*(1+E$9)/1000,0)*1000 -> 4865000 | G52: =ROUND(F52*(1+F$9)/1000,0)*1000 -> 5237000 | H52: =ROUND(G52*(1+G$9)/1000,0)*1000 -> 5603000 | I52: =ROUND(H52*(1+H$9)/1000,0)*1000 -> 5967000 | J52: =ROUND(I52*(1+I$9)/1000,0)*1000 -> 6295000 | K52: =ROUND(J52*(1+J$9)/1000,0)*1000 -> 6600000 | ... Y52: =ROUND(X52*(1+X$9)/1000,0)*1000 -> 11582000
A54: TOPOGRAFIA (Incluye tránsito, nivel y elementos complementarios. El tránsito equivale al 72%, el nivel al 18% y los elementos complementarios el 10% del valor de la tarifa). | B54: Costo Diario | C54: 34000 | D54: =ROUND(C54*(1+C$9)/1000,0)*1000 -> 40000 | E54: =ROUND(D54*(1+D$9)/1000,0)*1000 -> 44000 | F54: =ROUND(E54*(1+E$9)/1000,0)*1000 -> 48000 | G54: =ROUND(F54*(1+F$9)/1000,0)*1000 -> 52000 | H54: =ROUND(G54*(1+G$9)/1000,0)*1000 -> 56000 | I54: =ROUND(H54*(1+H$9)/1000,0)*1000 -> 60000 | J54: =ROUND(I54*(1+I$9)/1000,0)*1000 -> 63000 | K54: =ROUND(J54*(1+J$9)/1000,0)*1000 -> 66000 | ... Y54: =ROUND(X54*(1+X$9)/1000,0)*1000 -> 116000
B55: Costo Mensual | C55: 1020000 | D55: =ROUND(C55*(1+C$9)/1000,0)*1000 -> 1190000 | E55: =ROUND(D55*(1+D$9)/1000,0)*1000 -> 1300000 | F55: =ROUND(E55*(1+E$9)/1000,0)*1000 -> 1414000 | G55: =ROUND(F55*(1+F$9)/1000,0)*1000 -> 1522000 | H55: =ROUND(G55*(1+G$9)/1000,0)*1000 -> 1628000 | I55: =ROUND(H55*(1+H$9)/1000,0)*1000 -> 1734000 | J55: =ROUND(I55*(1+I$9)/1000,0)*1000 -> 1829000 | K55: =ROUND(J55*(1+J$9)/1000,0)*1000 -> 1918000 | ... Y55: =ROUND(X55*(1+X$9)/1000,0)*1000 -> 3365000
A57: LABORATORIO - Estudios | B57: Costo Diario | C57: 53000 | D57: =ROUND(C57*(1+C$9)/1000,0)*1000 -> 62000 | E57: =ROUND(D57*(1+D$9)/1000,0)*1000 -> 68000 | F57: =ROUND(E57*(1+E$9)/1000,0)*1000 -> 74000 | G57: =ROUND(F57*(1+F$9)/1000,0)*1000 -> 80000 | H57: =ROUND(G57*(1+G$9)/1000,0)*1000 -> 86000 | I57: =ROUND(H57*(1+H$9)/1000,0)*1000 -> 92000 | J57: =ROUND(I57*(1+I$9)/1000,0)*1000 -> 97000 | K57: =ROUND(J57*(1+J$9)/1000,0)*1000 -> 102000 | ... Y57: =ROUND(X57*(1+X$9)/1000,0)*1000 -> 180000
B58: Costo Mensual | C58: 1590000 | D58: =ROUND(C58*(1+C$9)/1000,0)*1000 -> 1856000 | E58: =ROUND(D58*(1+D$9)/1000,0)*1000 -> 2027000 | F58: =ROUND(E58*(1+E$9)/1000,0)*1000 -> 2204000 | G58: =ROUND(F58*(1+F$9)/1000,0)*1000 -> 2373000 | H58: =ROUND(G58*(1+G$9)/1000,0)*1000 -> 2539000 | I58: =ROUND(H58*(1+H$9)/1000,0)*1000 -> 2704000 | J58: =ROUND(I58*(1+I$9)/1000,0)*1000 -> 2853000 | K58: =ROUND(J58*(1+J$9)/1000,0)*1000 -> 2991000 | ... Y58: =ROUND(X58*(1+X$9)/1000,0)*1000 -> 5248000
A60: LABORATORIO - Interventorias | B60: Costo Diario | C60: 94000 | D60: =ROUND(C60*(1+C$9)/1000,0)*1000 -> 110000 | E60: =ROUND(D60*(1+D$9)/1000,0)*1000 -> 120000 | F60: =ROUND(E60*(1+E$9)/1000,0)*1000 -> 131000 | G60: =ROUND(F60*(1+F$9)/1000,0)*1000 -> 141000 | H60: =ROUND(G60*(1+G$9)/1000,0)*1000 -> 151000 | I60: =ROUND(H60*(1+H$9)/1000,0)*1000 -> 161000 | J60: =ROUND(I60*(1+I$9)/1000,0)*1000 -> 170000 | K60: =ROUND(J60*(1+J$9)/1000,0)*1000 -> 178000 | ... Y60: =ROUND(X60*(1+X$9)/1000,0)*1000 -> 313000
B61: Costo Mensual | C61: 2820000 | D61: =ROUND(C61*(1+C$9)/1000,0)*1000 -> 3291000 | E61: =ROUND(D61*(1+D$9)/1000,0)*1000 -> 3595000 | F61: =ROUND(E61*(1+E$9)/1000,0)*1000 -> 3910000 | G61: =ROUND(F61*(1+F$9)/1000,0)*1000 -> 4209000 | H61: =ROUND(G61*(1+G$9)/1000,0)*1000 -> 4503000 | I61: =ROUND(H61*(1+H$9)/1000,0)*1000 -> 4795000 | J61: =ROUND(I61*(1+I$9)/1000,0)*1000 -> 5059000 | K61: =ROUND(J61*(1+J$9)/1000,0)*1000 -> 5304000 | ... Y61: =ROUND(X61*(1+X$9)/1000,0)*1000 -> 9310000
A63: EQUIPO COMPLETO DE BATIMETRIA, HIDROMETRIA O SEDIMENTOMETRIA | B63: Costo Diario | C63: 68000 | D63: =ROUND(C63*(1+C$9)/1000,0)*1000 -> 79000 | E63: =ROUND(D63*(1+D$9)/1000,0)*1000 -> 86000 | F63: =ROUND(E63*(1+E$9)/1000,0)*1000 -> 94000 | G63: =ROUND(F63*(1+F$9)/1000,0)*1000 -> 101000 | H63: =ROUND(G63*(1+G$9)/1000,0)*1000 -> 108000 | I63: =ROUND(H63*(1+H$9)/1000,0)*1000 -> 115000 | J63: =ROUND(I63*(1+I$9)/1000,0)*1000 -> 121000 | K63: =ROUND(J63*(1+J$9)/1000,0)*1000 -> 127000 | ... Y63: =ROUND(X63*(1+X$9)/1000,0)*1000 -> 224000
B64: Costo Mensual | C64: 2040000 | D64: =ROUND(C64*(1+C$9)/1000,0)*1000 -> 2381000 | E64: =ROUND(D64*(1+D$9)/1000,0)*1000 -> 2601000 | F64: =ROUND(E64*(1+E$9)/1000,0)*1000 -> 2829000 | G64: =ROUND(F64*(1+F$9)/1000,0)*1000 -> 3045000 | H64: =ROUND(G64*(1+G$9)/1000,0)*1000 -> 3258000 | I64: =ROUND(H64*(1+H$9)/1000,0)*1000 -> 3469000 | J64: =ROUND(I64*(1+I$9)/1000,0)*1000 -> 3660000 | K64: =ROUND(J64*(1+J$9)/1000,0)*1000 -> 3838000 | ... Y64: =ROUND(X64*(1+X$9)/1000,0)*1000 -> 6736000
A66: PLOTTER | B66: Costo Diario | C66: 23000 | D66: =ROUND(C66*(1+C$9)/1000,0)*1000 -> 27000 | E66: =ROUND(D66*(1+D$9)/1000,0)*1000 -> 29000 | F66: =ROUND(E66*(1+E$9)/1000,0)*1000 -> 32000 | G66: =ROUND(F66*(1+F$9)/1000,0)*1000 -> 34000 | H66: =ROUND(G66*(1+G$9)/1000,0)*1000 -> 36000 | I66: =ROUND(H66*(1+H$9)/1000,0)*1000 -> 38000 | J66: =ROUND(I66*(1+I$9)/1000,0)*1000 -> 40000 | K66: =ROUND(J66*(1+J$9)/1000,0)*1000 -> 42000 | ... Y66: =ROUND(X66*(1+X$9)/1000,0)*1000 -> 75000
B67: Costo Mensual | C67: 690000 | D67: =ROUND(C67*(1+C$9)/1000,0)*1000 -> 805000 | E67: =ROUND(D67*(1+D$9)/1000,0)*1000 -> 879000 | F67: =ROUND(E67*(1+E$9)/1000,0)*1000 -> 956000 | G67: =ROUND(F67*(1+F$9)/1000,0)*1000 -> 1029000 | H67: =ROUND(G67*(1+G$9)/1000,0)*1000 -> 1101000 | I67: =ROUND(H67*(1+H$9)/1000,0)*1000 -> 1172000 | J67: =ROUND(I67*(1+I$9)/1000,0)*1000 -> 1236000 | K67: =ROUND(J67*(1+J$9)/1000,0)*1000 -> 1296000 | ... Y67: =ROUND(X67*(1+X$9)/1000,0)*1000 -> 2274000
A69: PROGRAMAS COMPUTACIONALES ESPECIALIZADOS (Se excluye OS, Hojas de Cálculo, Procesadores de Palabra, BD convencionales, programas contables y administrativos) | B69: 5% del costo de la licencia
A72: · RESOLUCIÓN 747 DE 09 DE MARZO DE 1998
A73: · MINISTERIO DE TRANSPORTE (MINTRANSPORTE)
A74: · CONTENIDO:CONTRATOS DE CONSULTORÍA. SE FIJAN LOS TOPES MÁXIMOS PARA SUELDOS Y DEMÁS GASTOS QUE SE PUEDEN PAGAR POR EL SISTEMA DE COBRO DE COSTOS DIRECTOS MÁS SUELDOS AFECTADOS POR UN MULTIPLICADOR, Y SE ESTABLECE UN SISTEMA DE ACTUALIZACIÓN.
A75: · TEMAS ESPECÍFICOS:ENTIDAD PÚBLICA, CONTRATACIÓN ADMINISTRATIVA
A76: · REVISTA LEGISLACIÓN ECONÓMICA N°:1092 DE ABRIL 15 DE 1998, PG. 663
A77: · BOLETÍN N°:479 DE MARZO 9 DE 1998
A78: RESOLUCIÓN 747 DE 1998
A79: (Marzo 9)
A80: “Por la cual se establecen los topes máximos para sueldos y demás gastos que se pueden pagar en los contratos de consultoría, por el sistema de cobro de costos directos más sueldos afectados por un multiplicador, y se establece un sistema de actualización”.
A81: (Nota: Derogada por la Resolución 10946 de 2011 artículo 5° del Ministerio de Transporte)
A82: El Ministro de Transporte,
A83: en ejercicio de sus facultades constitucionales y legales, en especial las que le confieren el artículo 208 de la Constitución Nacional, el Decreto 2171 de 1992; el Decreto 1050 de 1968 y la Ley 80 de 1993, y
... A89: Personal profesional (ingenieros y otros)
A91: Categoría | B91: VALOR
A92: 1 | B92: 3.577.000
A93: 2 | B93: 2.726.000
A94: 3 | B94: 2.300.000
A95: 4 | B95: 1.959.000
A96: 5 | B96: 1.767.000
A97: 6 | B97: 1.576.000
A98: 7 | B98: 1.192.000
A99: 8 | B99: 1.124.000
A101: Personal técnico
A102: Tecnólogo en áreas de ingeniería | B102: 738
A103: Auxiliar de ingeniería | B103: 648
A104: Dibujante 1 | B104: 680
A105: Dibujante 2 | B105: 550
A106: Topógrafo inspector | B106: 767
A107: Topógrafo auxiliar | B107: 630
A108: Batimetrista inspector | B108: 767
A109: Batimetrista auxiliar | B109: 630
A110: Laboratorista inspector | B110: 681
A111: Laboratorista auxiliar | B111: 477
A112: Operador equipo de perforación | B112: 613
A113: Operador auxiliar de equipo | B113: 409
... A115: Inspector 2 | B115: 505
A116: Personal administrativo
A117: Administrador | B117: 715
A118: Auxiliar administrativo | B118: 511
A119: Secretaria 1 | B119: 415
A120: Secretaria 2 | B120: 345 000
A121: Personal auxiliar técnico
A122: Cadenero 1 | B122: 477
A123: Cadenero 2 | B123: 415
...
